 Dungeon Crawl Stone Soup version 0.32-a0-779-g362cfcae2a (webtiles) character file.

Game seed: 10397992111930493553

1507881 MackTheKnife the Slayer (level 24, 238/238 HPs)
             Began as a Purple Draconian Alchemist on Mar 16, 2024.
             Was a Believer of Elyvilon.
             Escaped with the Orb
             ... and 3 runes on Mar 19, 2024!
             The game lasted 02:52:14 (78003 turns).

MackTheKnife the Slayer (DrAl)                     Turns: 78003, Time: 02:52:15

Health: 238/238    AC: 23    Str: 14    XL:     24   Next: 29%
Magic:  54/54      EV: 29    Int: 22    God:    Elyvilon [**....]
Gold:   1069       SH: 10    Dex: 22    Spells: 4/51 levels left

rFire   + . .        M - +18 lance "Wyrmbane" {slay drac, rPois rF+ rC+ AC+3}
rCold   + . .        j - +3 buckler {reflect}
rNeg    + . .        (body armour unavailable)
rPois   +            v - +1 hat of Generosity {Rampage Regen+}
rElec   +            X - +2 cloak {Will+}
rCorr   .            Z - +2 pair of gloves
SInv    .            Q - +0 pair of boots of Vexation {rN+ MP+9 Dex+2 Slay-2}
Will    ++++.        e - amulet "Jefy" {Acrobat rElec}
Stlth   +            t - +6 ring of dexterity
HPRegen 1.39/turn    B - +5 ring of evasion
MPRegen 0.34/turn

%: reflection, acrobat, clarity, rampage
@: studying Staves
A: nullifying breath, AC +12, unfitting armour, cold-blooded, clarity, clever 1,
clumsy 1, deterioration 2, high MP 1, screaming 1, teleportitis 1, evolution 1,
MP-powered wands
0: Orb of Zot
}: 3/15 runes: serpentine, barnacled, abyssal
a: Nullifying Breath, Renounce Religion, Purification, Heal Other


You escaped.
You worshipped Elyvilon.
Elyvilon was pleased with you.
You visited 9 branches of the dungeon, and saw 46 of its levels.
You visited the Abyss 1 time.
You also visited: Ossuary and Gauntlet.

You collected 5548 gold pieces.
You spent 4479 gold pieces at shops.


Innate Abilities, Weirdness & Mutations

You can breathe blasts of antimagic.
Your rich purple scales are hard. (AC +12)
You cannot fit into any form of body armour.
You are cold-blooded and may be slowed by cold attacks.
You possess an exceptional clarity of mind.
Your mind is acute. (Int +4, Str/Dex -1)
You are clumsy. (Dex -2)
Your body often deteriorates upon taking damage.
You have an increased reservoir of magic. (+10% MP)
You occasionally shout uncontrollably at your foes.
You are occasionally teleported next to monsters.
You have hidden genetic potential.
You expend magic power (3 MP) to strengthen your wands.


   Skills:
 - Level 24.0 Fighting
 - Level 6.0 Maces & Flails
 - Level 12.0 Polearms
 - Level 16.0 Dodging
 - Level 1.7 Stealth
 - Level 8.0 Shields
 - Level 14.0 Spellcasting
 - Level 7.0 Conjurations
 - Level 6.0 Hexes
 - Level 11.6 Summonings
 - Level 12.0 Translocations
 - Level 8.0 Fire Magic
 - Level 6.0 Ice Magic
 - Level 6.0 Air Magic
 - Level 12.0 Alchemy
 + Level 20.9 Invocations
 - Level 10.0 Evocations


You had 4 spell levels left.
You knew the following spells:

 Your Spells              Type           Power      Damage    Failure   Level
a - Summon Forest         Summ/Tloc      30%        N/A       1%          5
b - Olgreb's Toxic Radia  Alch           62%        N/A       1%          4
c - Sticky Flame          Fire/Alch      56%        2d10      1%          4
d - Mephitic Cloud        Conj/Alch/Air  51%        N/A       1%          3
e - Ignite Poison         Fire/Alch      56%        N/A       1%          4
f - Summon Mana Viper     Hex/Summ       52%        N/A       3%          5
g - Eringya's Noxious Bo  Alch           31%        4d6       5%          6
h - Iskenderun's Mystic   Conj/Tloc      55%        2d12      1%          4
i - Dispersal             Tloc           31%        N/A       5%          6
j - Freezing Cloud        Conj/Ice/Air   21%        6-21      11%         5
k - Apportation           Tloc           100%       N/A       1%          1

Your spell library contained the following spells:

 Spells                   Type           Power      Damage    Failure   Level
 Freeze                   Ice            100%       1d10      1%          1
 Kiss of Death            Conj/Necr      100%       2d13      1%          1
 Magic Dart               Conj           100%       1d8       1%          1
 Slow                     Hex            100%       N/A       1%          1
 Sting                    Conj/Alch      100%       1d9       1%          1
 Summon Small Mammal      Summ           100%       N/A       1%          1
 Blink                    Tloc           100%       N/A       1%          2
 Call Imp                 Summ           100%       N/A       1%          2
 Cigotuvi's Dreadful Rot  Necr/Alch/Air  82%        N/A       1%          2
 Ensorcelled Hibernation  Hex/Ice        82%        N/A       1%          2
 Lesser Beckoning         Tloc           100%       N/A       1%          2
 Mercury Vapours          Alch/Air       100%       N/A       1%          2
 Searing Ray              Conj           92%        2d7       1%          2
 Confusing Touch          Hex            41%        N/A       1%          3
 Frozen Ramparts          Ice            82%        1d13      1%          3
 Gell's Gravitas          Tloc           62%        N/A       1%          3
 Hailstorm                Conj/Ice       44%        3d9       1%          3
 Ozocubu's Armour         Ice            41%        N/A       1%          3
 Summon Ice Beast         Ice/Summ       52%        N/A       1%          3
 Swiftness                Air            41%        N/A       1%          3
 Teleport Other           Tloc           62%        N/A       1%          3
 Tukima's Dance           Hex            41%        N/A       1%          3
 Volatile Blastmotes      Fire/Tloc      100%       2d18      1%          3
 Dimensional Bullseye     Hex/Tloc       26%        N/A       1%          4
 Fulminant Prism          Conj/Alch      27%        3d14      1%          4
 Manifold Assault         Tloc           62%        N/A       1%          4
 Summon Lightning Spire   Summ/Air       52%        N/A       1%          4
 Flame Wave               Conj/Fire      48%        2d12      2%          4
 Stone Arrow              Conj/Erth      60%        3d10      3%          3
 Necrotise                Necr           60%        1d7       4%          1
 Sandblast                Erth           30%        2d9       4%          1
 Cause Fear               Hex            20%        N/A       4%          4
 Martyr's Knell           Necr/Summ      41%        N/A       4%          4
 Sublimation of Blood     Necr           15%        N/A       8%          2
 Brom's Barrelling Bould  Conj/Erth      30%        2d5       12%         4
 Anguish                  Hex/Necr       14%        N/A       14%         4
 Fugue of the Fallen      Necr           15%        N/A       16%         3
 Passwall                 Erth           15%        N/A       16%         3
 Vampiric Draining        Necr           15%        2d7       16%         3
 Animate Dead             Necr           15%        N/A       45%         4
 Dispel Undead            Necr           15%        3d10      45%         4
 Fireball                 Conj/Fire      24%        3d11      6%          5
 Summon Cactus Giant      Summ           30%        N/A       7%          6
 Iskenderun's Battlesphe  Conj           46%        2d10      8%          5
 Metabolic Englaciation   Hex/Ice        20%        N/A       12%         5
 Sculpt Simulacrum        Ice/Alch       26%        N/A       19%         6
 Monstrous Menagerie      Summ           30%        N/A       36%         7
 Summon Hydra             Summ           30%        N/A       36%         7
 Plasma Beam              Fire/Air       23%        2x1d35    41%         6
 Conjure Ball Lightning   Conj/Air       22%        3x3d6     47%         6
 Spellforged Servitor     Conj/Summ      27%        N/A       67%         7
 Curse of Agony           Necr           15%        N/A       80%         5
 Bombard                  Conj/Erth      15%        9d3       88%         6
 Permafrost Eruption      Ice/Erth       14%        2x4d5     92%         6
 Orb of Destruction       Conj           23%        9d8       94%         7
 Disjunction              Tloc           31%        N/A       94%         8
 Ozocubu's Refrigeration  Ice            20%        4d12      98%         7
 Haunt                    Necr/Summ      20%        N/A       99%         7
 Ignition                 Fire           25%        3d8       100%        8
 Infestation              Necr           7%         N/A       100%        8
 Lehudib's Crystal Spear  Conj/Erth      15%        10d5      100%        8
 Dragon's Call            Summ           30%        N/A       100%        9
 Polar Vortex             Ice            20%        12d2*     100%        9
 Animate Armour           Summ/Erth      Unusable   N/A       N/A         4

Inventory:

Hand Weapons
 M - the +18 lance "Wyrmbane" (weapon) {slay drac, rPois rF+ rC+ AC+3}
   (You took it off a deep elf demonologist on level 3 of the Elven Halls)

   AC+3:      It affects your AC (+3).
   rF+:       It protects you from fire.
   rC+:       It protects you from cold.
   rPois:     It protects you from poison.
Armour
 j - a +3 buckler of reflection (worn)
   (You took it off a minotaur in a Gauntlet)
 v - the +1 hat of Generosity (worn) {Rampage Regen+}
   (You found it on level 2 of the Depths)

   Regen+:    It increases your rate of health regeneration.
   Rampage:   It bestows one free step when moving towards enemies.
 O - the +3 pair of boots of the Stone Wall {Str-2 Dex+4}
   (You found it on level 3 of the Elven Halls)

   Str-2:     It affects your strength (-2).
   Dex+4:     It affects your dexterity (+4).
 Q - the +0 pair of boots of Vexation (worn) {rN+ MP+9 Dex+2 Slay-2}
   (You found it on level 4 of the Lair of Beasts)

   Dex+2:     It affects your dexterity (+2).
   Slay-2:    It affects your accuracy & damage with ranged weapons and melee
   (-2).
   rN+:       It protects you from negative energy.
   MP+9:      It affects your magic capacity (+9).
 X - a +2 cloak of willpower (worn)
   (You found it in a Gauntlet)
 Z - a +2 pair of gloves (worn)
   (You found it on level 3 of the Elven Halls)
Jewellery
 c - a +6 ring of intelligence
   (You found it on level 3 of the Elven Halls)
 e - the amulet "Jefy" (around neck) {Acrobat rElec}
   (You bought it in a shop on level 3 of the Snake Pit)

   [amulet of the acrobat]

   Acrobat:   It increases your evasion while moving and waiting.
   rElec:     It insulates you from electricity.
 l - an amulet of reflection
   (You found it on level 15 of the Dungeon)
 t - a +6 ring of dexterity (left hand)
   (You took it off a deep elf zephyrmancer on level 3 of the Elven Halls)
 B - a +5 ring of evasion (right hand)
   (You found it in an ossuary)
 C - a +4 ring of protection
   (You found it on level 1 of the Lair of Beasts)
 K - a ring of resist corrosion
   (You found it on level 1 of the Lair of Beasts)
 L - a ring of flight
   (You found it on level 2 of the Lair of Beasts)
 U - the ring "Lugaoxt" {rF+++ rN+ Int+4 Dex-4}
   (You found it on level 4 of the Shoals)

   [ring of positive energy]

   Int+4:     It affects your intelligence (+4).
   Dex-4:     It affects your dexterity (-4).
   rF+++:     It renders you almost immune to fire.
   rN+:       It protects you from negative energy.
Wands
 n - a wand of mindburst (6)
   (You found it on level 4 of the Dungeon)
 u - a wand of quicksilver (17)
   (You found it on level 1 of the Vaults)
 A - a wand of flame (67)
   (You found it on level 12 of the Dungeon)
 J - a wand of digging (1)
   (You found it on level 2 of the Lair of Beasts)
 N - a wand of roots (17)
   (You found it on level 1 of the Vaults)
 W - a wand of polymorph (14)
   (You found it on level 13 of the Dungeon)
 Y - a wand of charming (29)
   (You found it on level 2 of the Shoals)
Scrolls
 f - 2 scrolls of blinking {!r}
 g - 3 scrolls of teleportation {@r4}
 i - a scroll of immolation {!r!r}
 k - a scroll of brand weapon
 m - 3 scrolls of silence {!r}
 o - 13 scrolls of fear
 p - 7 scrolls of vulnerability {!r!r}
 y - 2 scrolls of fog
 F - 2 scrolls of enchant armour
 G - 3 scrolls of revelation
 P - 2 scrolls of butterflies
 R - 5 scrolls of poison {!r}
 V - 24 scrolls of identify {@r1}
Potions
 a - 2 potions of magic
 h - 3 potions of invisibility
 q - 8 potions of curing {@q1}
 r - 4 potions of mutation {!q}
 s - 3 potions of might
 w - 6 potions of brilliance
 z - 6 potions of enlightenment
 E - 2 potions of resistance
 T - 2 potions of heal wounds {@q2}
Miscellaneous
 b - a sack of spiders (inert)
   (You found it on level 1 of the Snake Pit)
 x - a lightning rod (2/4)
   (You bought it in a shop on level 4 of the Snake Pit)
 H - a phantom mirror (inert)
   (You bought it in a shop on level 3 of the Vaults)

Dungeon Overview and Level Annotations

Branches:
Dungeon (15/15)            Temple (0/1) D:4            Lair (5/5) D:10
 Shoals (4/4) Lair:2        Snake (4/4) Lair:3        Slime (0/5) Lair:4
    Orc (2/2) D:9             Elf (3/3) Orc:2        Vaults (4/5) D:13
  Crypt (0/3) Vaults:2     Depths (4/4) D:15            Zot (5/5) Depths:4
Ossuary (visited)         Gauntlet (visited)

Altars:
Elyvilon
Gozag
Kikubaaqudgha
Nemelex Xobeh
Sif Muna
Uskayaw
Vehumet
Wu Jian
Yredelemnul
Beogh

Shops:
D:6 *   D:7 !   Orc:2 [*!(   Elf:3 [   Shoals:1 =   Shoals:2 (*[*(
Snake:3 :==*   Snake:4 *   Vaults:3 *   Depths:3 *[

Portals:
Hell: Depths:2 Depths:3 Depths:4
Abyss: Depths:2 Depths:3 Depths:4
Pandemonium: Depths:1 Depths:2
Ziggurat: Depths:4

Annotations:
D:5 2 transporters, shadizar's ghost, novice DjEE
D:14 Roxanne
Snake:1 Mlioglotl
Snake:3 1 runed translucent door, exclusion: downstairs, Odausch's ghost, adept DsNe
Snake:4 Louise
Elf:2 5 runed translucent doors
Vaults:4 Mennas
Depths:1 3 runed translucent doors, exclusions: 4 doors and 2 ice statues
Depths:2 exclusion: 2 ice statues
Zot:1 exclusion: 2 downstairs
Zot:2 Parghit
Zot:5 2 exclusions

#.#..# #..# #..# #.#..# #.## ##.#
#.#..# ######.########.###
#.#..###~~~~#'#~~°°##....##
#.#..##~~~~~#.#~~~~~#.....##
#.#..##~~~~~#.#~~~~~#...#..#
#.#..##~~#~~#.#~~#~~#...##.#
#.#..##~~~~~#.#☼~○~~#...##.#
#.#..##~~~~°#@#°~○~~#...##.##
####.#|.##~~~~~#.#~~~~~#...##..##
........##~~~~ #.# ~~~~#...###...
####.#..##~~#~~#.#~÷#~~#...# ####
#....##~~ ~~#.#~~ ~~#...# #
###### ~~~#+#~~~ ###.## #
#####.######...# #........#####
########## #.#


There were no monsters in sight!


Message History

You climb upwards.
There is a stone staircase leading down here.
A Tara Ura, a sun demon and an ancient lich come into view.
There is a stone staircase leading up here.
The sun demon shouts!
The ancient lich shouts!
You climb upwards.
Level annotation: 2 transporters, shadizar's ghost, novice DjEE
There is a stone staircase leading down here.
Unknown command.
There is a stone staircase leading up here.
You climb upwards.
There is a stone staircase leading down here.
There is an opulent altar of Gozag here.
Diotyas comes into view. It is armed with a chaotic touch.
You yell at Diotyas!
Unknown command.
Unknown command.
Press: ? - help, v - describe, . - travel
Here: Diotyas, armed with a chaotic touch The floor.
Unknown command.
Casting: Dispersal (mildly dangerous; 5% risk of failure)
Confirm with . or Enter, or press ? or * to list all spells.
Casting: Dispersal (mildly dangerous; 5% risk of failure)
Press: ? - help, Dir - look around, f - activate Diotyas blinks! 😎 MP[-6]
You lost 6 mp, and now have 48/54 mp.
A blizzard demon comes into view.
The blizzard demon shouts!
Diotyas bursts into living lightning!
The living lightning misses you.
Diotyas blinks! x2 😎 MP[+1] Diotyas attacks as it pursues you!
You block Diotyas's attack.
Diotyas bursts into living lightning!
The living lightning misses you.
Diotyas blinks!
Diotyas bursts into living lightning!
The living lightning misses you.
Diotyas blinks!
You rampage towards Diotyas! 😎 MP[+1] Diotyas hits you.
There is a stone staircase leading up here. 😕 HP[-2]
You take 2 damage, and now have 236/238 hp.
You block Diotyas's attack. Diotyas hits you!!
You climb upwards.
There is a stone staircase leading down here. 😕 HP[-15] MP[+1]
You take 15 damage, and now have 221/238 hp.
Unknown command.
Unknown command.
Casting: Dispersal (mildly dangerous; 5% risk of failure)
Confirm with . or Enter, or press ? or * to list all spells.
Okay, then.
Diotyas completely misses you.
Diotyas bursts into living lightning!
The living lightning misses you.
Diotyas blinks! 😕 HP[+1] Unknown command. 😕 HP[+2] MP[+1]
You regained 2 hp, and now have 224/238 hp.
Unknown command. 😕 HP[+1] Diotyas bursts into living lightning!
The living lightning misses you.
Diotyas blinks!
There is a stone staircase leading up here. 😕 HP[+1]
Casting: Dispersal (mildly dangerous; 5% risk of failure)
Confirm with . or Enter, or press ? or * to list all spells.
Casting: Dispersal (mildly dangerous; 5% risk of failure)
Press: ? - help, Dir - look around, f - activate
Okay, then.
Casting: Dispersal (mildly dangerous; 5% risk of failure)
Confirm with . or Enter, or press ? or * to list all spells.
Casting: Dispersal (mildly dangerous; 5% risk of failure)
Press: ? - help, Dir - look around, f - activate Diotyas blinks! 😕 HP[+2] MP[-5]
You regained 2 hp, and now have 228/238 hp.
You lost 5 mp, and now have 47/54 mp.
Unknown command.
Unknown command.
Diotyas bursts into living lightning!
The living lightning misses you.
Diotyas blinks!
You climb upwards.
There is a stone staircase leading down here. 😕 HP[+3]
You regained 3 hp, and now have 231/238 hp.
There is a stone staircase leading up here. 😎 HP[+7] MP[+5]
Your hp is fully restored (238).
You regained 5 mp, and now have 52/54 mp.
You climb upwards.
There is a stone staircase leading down here. 😎 MP[+1]
There is an open door here.
There is a staircase leading out of the dungeon here. 😎 MP[+1]
Your mp is fully restored (54).
You have escaped!

Skill      XL: |  1  2  3  4  5  6  7  8  9 10 11 12 13 14 15 16 17 18 19 20 21 22 23 24 |
---------------+-------------------------------------------------------------------------+-----
Alchemy        | 4 6 8 10 12 | 12.0
Fighting       | 5 6 7 8 10 12 13 14 15 16 19 22 24 | 24.0
Dodging        | 2 4 5 6 8 10 12 13 15 16 | 16.0
Invocations    | 1 2 6 9 10 12 13 14 16 19 20 | 20.9
Fire Magic     | 3 5 8 |  8.0
Spellcasting   | 5 6 8 10 12 13 14 | 14.0
Conjurations   | 2 3 7 |  7.0
Air Magic      | 1 3 5 6 |  6.0
Evocations     | 4 8 10 | 10.0
Maces & Flails | 6 |  6.0
Translocations | 5 7 10 12 | 12.0
Summonings     | 5 7 10 11 | 11.6
Shields        | 8 |  8.0
Hexes          | 6 |  6.0
Polearms       | 3 12 | 12.0
Ice Magic      | 4 6 |  6.0
Stealth        | |  1.7

Action                     |  1- 3 |  4- 6 |  7- 9 | 10-12 | 13-15 | 16-18 | 19-21 | 22-24 || total
---------------------------+-------+-------+-------+-------+-------+-------+-------+-------++-------
  Melee: Staff             |    61 |   211 |   101 |       |       |       |       |       ||   373
         Unarmed           |     2 |       |       |       |       |       |       |       ||     2
         Tailslap          |     6 |    55 |    48 |    33 |   158 |   127 |   475 |   378 ||  1280
         Flail             |       |       |    79 |       |       |       |       |       ||    79
         Short sword       |       |       |    58 |       |       |       |       |       ||    58
         Morningstar       |       |       |       |   189 |   686 |   663 |   134 |       ||  1672
         Lance             |       |       |       |       |       |       |  1899 |  1683 ||  3582
  Throw: Dart              |       |       |       |     3 |     1 |       |       |       ||     4
   Cast: Sting             |    49 |    36 |       |       |       |       |       |       ||    85
         Olgreb's Toxic Ra |       |     5 |    27 |    45 |   100 |   106 |    37 |       ||   320
         Sticky Flame      |       |       |    21 |    48 |   157 |    45 |     1 |       ||   272
         Mephitic Cloud    |       |       |       |     3 |     8 |       |       |       ||    11
         Ignite Poison     |       |       |       |       |    33 |   130 |    24 |       ||   187
         Summon Forest     |       |       |       |       |     2 |    51 |    34 |    15 ||   102
         Summon Mana Viper |       |       |       |       |       |    70 |    97 |    65 ||   232
         Eringya's Noxious |       |       |       |       |       |    37 |    27 |    22 ||    86
         Iskenderun's Myst |       |       |       |       |       |    12 |     7 |     5 ||    24
         Freezing Cloud    |       |       |       |       |       |       |    25 |    31 ||    56
         Summon Lightning  |       |       |       |       |       |       |     1 |     3 ||     4
         Apportation       |       |       |       |       |       |       |     1 |       ||     1
         Dispersal         |       |       |       |       |       |       |       |     3 ||     3
 Invoke: Heal Other        |       |       |       |     4 |     9 |    23 |    14 |    37 ||    87
         Heal Self         |       |       |       |       |       |     5 |    14 |    10 ||    29
         Divine Vigour     |       |       |       |       |       |       |     2 |     1 ||     3
Ability: Nullifying Breath |       |       |     4 |       |     4 |     5 |     9 |     8 ||    30
  Evoke: Wand              |       |       |     3 |    15 |    17 |    37 |     6 |    17 ||    95
         Sack of spiders   |       |       |       |       |       |     3 |     3 |     2 ||     8
         Lightning rod     |       |       |       |       |       |     4 |    17 |    10 ||    31
         Phantom mirror    |       |       |       |       |       |       |     2 |     5 ||     7
    Use: Scroll            |       |     1 |    14 |     4 |    10 |     7 |     8 |    14 ||    58
         Potion            |       |     1 |     5 |     4 |     2 |     3 |    14 |    31 ||    60
   Stab: Sleeping          |     2 |       |       |       |       |     1 |     6 |     7 ||    16
         Confused          |       |       |       |       |     7 |       |     1 |       ||     8
         Distracted        |       |       |       |       |       |     7 |    20 |    21 ||    48
         Held in net/web   |       |       |       |       |       |       |     1 |       ||     1
 Armour: Skin              |    51 |   186 |   177 |   206 |   584 |   657 |   832 |   650 ||  3343
  Dodge: Dodged            |    43 |   130 |   243 |   317 |   974 |   655 |  1233 |  1019 ||  4614
  Block: Buckler           |       |       |       |       |   135 |   694 |   522 |   415 ||  1766
         Reflection        |       |       |       |       |     7 |    91 |    35 |     3 ||   136

Levels and vault maps discovered:
D:1:      saegor_arrival_miasma, layout_basic
D:2:      layout_loops_ring, minivault_14
D:3:      layout_loops_ring, lemuel_zombie_altar_yredelemnul,
          ebering_ecumenical_altar_hall, hangedman_decor_diamond_cutter,
          minmay_circle_x
D:4:      wad_pebble_path, layout_basic, mainiacjoe_overflow_cross_hatched,
          temple_pool_b, enter_ossuary_2, uniq_robin
D:5:      layout_loops_ring, nicolae_wu_jian_glorious_leap,
          gammafunk_ghost_arena
D:6:      layout_basic, kennysheep_little_box, serial_shops, shop,
          lightli_orcish_oven
D:7:      kennysheep_kobold_camp, layout_loops_ring, serial_shops,
          kennysheep_mini_moat
D:8:      layout_cave_pools, chequers_decorated_corner
D:9:      layout_rooms, uniq_erolcha
D:10:     minmay_quarter_circles, layout_rooms, david_lair_shrubbed
D:11:     layout_roguey, chequers_serial_rivers_micro_d
D:12:     layout_basic, uniq_azrael, uniq_fannar
D:13:     layout_big_octagon, hellmonk_vaults_order_and_chaos
D:14:     layout_basic, nicolae_zig_zag_zippers, ebering_ghost_funeral_grove,
          gauntlet_entry_generic, hangedman_incinerator, uniq_frances,
          uniq_roxanne
D:15:     gammafunk_enter_depths_forms, layout_irregular_city,
          nicolae_vehumet_altar_sigil, uniq_nessos
Lair:1:   layout_small_grid, lemuel_fruit_tree, grunt_megastairs_5,
          lemuel_fruit_fields, serial_bayou_shore_b
Lair:2:   layout_chaotic_city, mainiacjoe_shoals_entry_four_pools
Lair:3:   layout_chaotic_city, guppyfry_snake_entry_garden,
          serial_bayou_shore_b, infiniplex_staircase_pool_2, uniq_urug
Lair:4:   layout_roguey, minmay_slime_entry_pillars
Lair:5:   wormcave, layout_regular_city, minivault_24,
          grunt_forest_large_clearings
Shoals:1: layout_shoals, minmay_shop_enchanted_jewellery,
          nicolae_shoals_the_drawing_of_the_three, uniq_kirke
Shoals:2: nicolae_shoals_mermall, layout_shoals, serial_shops,
          nicolae_stop_n_shop_1, nicolae_splish_splash
Shoals:3: layout_shoals, uniq_ilsuiw
Shoals:4: shoals_end_grunt_garden, layout_shoals, uniq_polyphemus
Snake:1:  layout_chambers, uniq_mlioglotl, uniq_aizul
Snake:2:  layout_cave_shapes, grunt_ministairs_9
Snake:3:  layout_misc_corridors, basic_altar, ebering_ghost_inner_flame,
          nicolae_shop_sticking_my_neck_out, grunt_megastairs_2,
          minmay_shop_grove, uniq_bai_suzhen
Snake:4:  hellmonk_snake_rune_quicksilver_temple, layout_basic,
          nicolae_shop_gadgets, uniq_louise, uniq_nikola
Orc:1:    layout_diamond_mine
Orc:2:    st_orc_town, layout_diamond_mine
Elf:1:    elf_arrival_001, layout_geoelf_grid, nicolae_elf_crossing_hall,
          minmay_elf_sorcery
Elf:2:    elven_hall_of_blades_hangedman_alternative [nicolae_blade_bullseye],
          layout_geoelf_diagonals, basic_altar
Elf:3:    minmay_elf_hall_spiked, layout_gridlike, serial_shops, shop
Vaults:1: nicolae_vaults_prndl, nicolae_vaults_network_quincunx
          [nicolae_vaults_network_quincunx_subvault,
          nicolae_vaults_network_quincunx_subvault,
          nicolae_vaults_network_quincunx_subvault,
          nicolae_vaults_network_quincunx_subvault,
          nicolae_vaults_network_quincunx_subvault], vaults_room_semicircle,
          v_misc_3, hangedman_vaults_restitches, nicolae_vaults_lightning_bolt,
          special_room_vaults [special_room_orc], nicolae_vaults_octothorpe,
          grunt_vaults_funnel, nicolae_vaults_little_squares_4,
          layout_vaults_omnicross
Vaults:2: v_rooms_3, v_alt_pattern_2, hangedman_vaults_hat,
          minmay_crypt_entry_necro_gods, vaults_mumra_chevron,
          nicolae_vaults_bisected_exclaves, ontoclasm_vaults_twist,
          nicolae_vaults_border_crossing, nicolae_vaults_display_case,
          layout_vaults_big_room
Vaults:3: ebering_ghost_gozag, nicolae_vaults_storage_closets_1,
          hangedman_vaults_slice, v_pattern_5, nicolae_vaults_library_corner,
          nicolae_vaults_asterisk, nicolae_vaults_hexular_roomagon,
          vaults_mumra_minichess, hangedman_vaults_cutoff,
          layout_vaults_omnigrid, uniq_xtahua
Vaults:4: gammafunk_ghost_cemetery, vaults_dpeg_cross,
          nicolae_vaults_tetromino_L_1, nicolae_vaults_what_the_h,
          nicolae_vaults_trapezoid_lopsided_1, ontoclasm_vaults_loading_screen,
          nicolae_vaults_tetromino_L_2, nicolae_vaults_shelves_hall,
          vaults_mumra_hex, v_pattern_4, vaults_room_ringed_pool,
          layout_vaults_omnibox, uniq_zenata, uniq_mennas
Depths:1: layout_gridlike, serial_magic_research,
          hangedman_research_thanatology, hangedman_research_quantum,
          hangedman_research_toxicology, hangedman_research_thermodynamics,
          hangedman_research_probablistics, hellmouth_2, grunt_pan_entry_zigzag,
          abyss_entry, drop_trap, pandoras_box_mu, uniq_asterion
Depths:2: cheibrodos_spurs, layout_gridlike, grunt_hell_entry_dis_mu,
          nicolae_uskayaw_en_pointe, minmay_room_of_horrors,
          grunt_pan_entry_spiral, ice2_lemuel
Depths:3: minmay_the_grid_plus [minmay_the_grid_expand,
          minmay_the_grid_plusring, minmay_the_grid_odd_star,
          minmay_the_grid_garden, minmay_the_grid_prize_four_corners_diamond_b],
          layout_long_grid, hell_entry, serial_shops, shop, abyss_entry,
          minmay_staircase_statues, minmay_shop_star
Depths:4: evilmike_zot_entry_basic, layout_gridlike, enter_ziggurat_b,
          nicolae_abyss_entry_one_way_or_another, glass_columns_a, hell_entry
Zot:1:    layout_gridlike, hangedman_zot_decor_slant
Zot:2:    layout_basic, uniq_parghit
Zot:3:    layout_cellular_growth, regret_index_zotdec_tunneler,
          nicolae_tricolors
Zot:4:    layout_misc_corridors
Zot:5:    layout_twisted_circle

Notes
Turn   | Place    | Note
-------+----------+-------------------------------------------
     0 | D:1      | MackTheKnife the Draconian Alchemist began the quest for
                  | the Orb.
     0 | D:1      | Reached XP level 1. HP: 14/14 MP: 3/3
     0 | D:1      | magus.rc [v1.9.6]
   207 | D:1      | Reached XP level 2. HP: 20/20 MP: 3/5
   407 | D:1      | Reached skill level 4 in Alchemy
   850 | D:2      | Reached XP level 3. HP: 26/26 MP: 4/6
  1466 | D:2      | Reached XP level 4. HP: 30/33 MP: 3/7
  1477 | D:2      | Reached skill level 5 in Alchemy
  1707 | D:2      | Learned a level 4 spell: Olgreb's Toxic Radiance
  1951 | D:3      | You pick up a book of Movement and begin reading...
  1951 | D:3      | You add the spells Passwall, Volatile Blastmotes and
                  | Bombard to your library.
  2305 | D:3      | Found a faded altar of an unknown god.
  2351 | D:3      | Prayed at the altar of an unknown god.
  2351 | D:3      | Became a worshipper of Elyvilon the Healer
  2351 | D:3      | Reached * piety under Elyvilon
  2622 | D:3      | Found a basalt altar of Yredelemnul.
  2760 | D:4      | Found an opulent altar of Gozag.
  2799 | D:4      | Identified the +0 helmet of Disappointment {Rampage}
  2799 | D:4      | Noticed Robin
  2806 | D:4      | Killed Robin
  2920 | D:4      | Found a staircase to the Ecumenical Temple.
  3061 | D:4      | Reached ** piety under Elyvilon
  3078 | D:4      | Found a sand-covered staircase.
  3083 | Ossuary  | Entered an ossuary
  3096 | Ossuary  | Noticed a scorpion
  3099 | Ossuary  | Killed a scorpion
  3100 | Ossuary  | Reached skill level 6 in Alchemy
  3100 | Ossuary  | Reached XP level 5. HP: 38/38 MP: 2/8
  3228 | Ossuary  | Reached XP level 6. HP: 29/45 MP: 4/9
  3330 | Ossuary  | Reached skill level 7 in Alchemy
  3467 | Ossuary  | Reached skill level 8 in Alchemy
  3467 | Ossuary  | Your scales start taking on a rich purple colour.
  3467 | Ossuary  | Reached XP level 7. HP: 18/50 MP: 4/10
  3781 | Ossuary  | Learned a level 4 spell: Sticky Flame
  3908 | Ossuary  | Reached skill level 1 in Fighting
  4028 | Ossuary  | Reached skill level 2 in Fighting
  4085 | Ossuary  | Reached skill level 3 in Fighting
  4664 | D:4      | Reached skill level 4 in Fighting
  5166 | D:4      | Identified the +2 ring mail of the King of the Hill {rCorr
                  | Dex+3}
  5260 | D:5      | Entered Level 5 of the Dungeon
  5279 | D:5      | You pick up a book of Armaments and begin reading...
  5279 | D:5      | You add the spells Stone Arrow and Lehudib's Crystal Spear
                  | to your library.
  5288 | D:5      | Reached skill level 5 in Fighting
  5499 | D:5      | Found an ornate altar of the Wu Jian Council.
  5536 | D:5      | Reached *** piety under Elyvilon
  5550 | D:5      | Reached skill level 2 in Dodging
  5550 | D:5      | Reached skill level 1 in Invocations
  5550 | D:5      | Reached XP level 8. HP: 63/69 MP: 2/11
  5629 | D:5      | Noticed shadizar's ghost (novice DjEE)
  5653 | D:5      | Found a transporter.
  5658 | D:5      | Found a transporter.
  5703 | D:5      | Reached skill level 2 in Invocations
  5954 | D:5      | Reached skill level 6 in Fighting
  6195 | D:6      | You pick up a book of Geomancy and begin reading...
  6195 | D:6      | You add the spells Sandblast and Brom's Barrelling Boulder
                  | to your library.
  6206 | D:6      | Reached skill level 1 in Fire Magic
  6212 | D:6      | Reached skill level 3 in Fire Magic
  6341 | D:6      | Reached skill level 3 in Spellcasting
  6480 | D:6      | Reached skill level 4 in Spellcasting
  6532 | D:6      | Found a sparkling altar of Nemelex Xobeh.
  6552 | D:6      | Reached skill level 5 in Spellcasting
  6759 | D:6      | Found Higrumou's Assorted Antiques.
  6823 | D:6      | Bought a scroll of teleportation for 84 gold pieces
  6823 | D:6      | Bought a scroll of teleportation for 84 gold pieces
  6823 | D:6      | Bought a golden potion for 25 gold pieces
  6823 | D:6      | Bought a viscous green potion for 25 gold pieces
  6823 | D:6      | Bought a glowing black potion for 25 gold pieces
  6961 | D:7      | Reached XP level 9. HP: 70/75 MP: 17/17
  7041 | D:7      | Reached skill level 6 in Spellcasting
  7041 | D:7      | Reached skill level 3 in Dodging
  7044 | D:7      | Reached skill level 3 in Invocations
  7102 | D:7      | Reached **** piety under Elyvilon
  7239 | D:7      | Found Ezatal's Distillery.
  7634 | D:7      | Reached skill level 4 in Dodging
  7634 | D:7      | Reached skill level 4 in Invocations
  7930 | D:7      | You pick up a book of Burglary and begin reading...
  7930 | D:7      | You add the spells Ensorcelled Hibernation and Swiftness to
                  | your library.
  8117 | D:7      | Bought 2 potions of mutation for 224 gold pieces
  8117 | D:7      | Gained mutation: You expend magic power (3 MP) to
                  | strengthen your wands. [potion of mutation]
  8117 | D:7      | Gained mutation: You have sharp toenails. [potion of
                  | mutation]
  8117 | D:7      | Gained mutation: You are somewhat resistant to further
                  | mutation. [potion of mutation]
  8152 | D:8      | Reached skill level 5 in Invocations
  8333 | D:8      | Reached skill level 6 in Invocations
  8382 | D:8      | Reached ***** piety under Elyvilon
  8451 | D:8      | Reached skill level 4 in Fire Magic
  8675 | D:9      | Reached skill level 5 in Fire Magic
  8916 | D:9      | Found a staircase to the Orcish Mines.
  8939 | D:9      | Learned a level 3 spell: Mephitic Cloud
  8977 | D:9      | Identified the +6 morningstar of Woe {flame, rN++}
  8986 | D:9      | Noticed Erolcha
  8991 | D:9      | Killed Erolcha
  8992 | D:9      | Reached skill level 7 in Fighting
  8992 | D:9      | Reached skill level 2 in Conjurations
  8992 | D:9      | Reached skill level 1 in Air Magic
  8992 | D:9      | Reached XP level 10. HP: 86/86 MP: 9/19
  9190 | D:9      | Reached skill level 2 in Air Magic
  9198 | D:9      | Reached skill level 3 in Conjurations
  9200 | D:9      | Reached skill level 3 in Air Magic
  9475 | D:10     | Entered Level 10 of the Dungeon
  9491 | D:10     | Reached skill level 8 in Fighting
  9491 | D:10     | Reached skill level 1 in Evocations
  9575 | D:10     | Reached skill level 2 in Evocations
  9576 | D:10     | Reached skill level 3 in Evocations
  9577 | D:10     | Reached skill level 4 in Evocations
  9672 | D:10     | Reached skill level 7 in Spellcasting
  9715 | D:10     | Noticed a two-headed ogre
  9720 | D:10     | Killed a two-headed ogre
  9721 | D:10     | Reached skill level 8 in Spellcasting
  9796 | D:10     | Noticed a two-headed ogre
  9800 | D:10     | Killed a two-headed ogre
  9801 | D:10     | Reached skill level 5 in Dodging
  9805 | D:10     | Reached XP level 11. HP: 68/94 MP: 5/23
  9974 | D:10     | Reached skill level 6 in Dodging
 10380 | D:10     | Noticed a two-headed ogre
 10393 | D:10     | Killed a two-headed ogre
 10394 | D:10     | Reached skill level 9 in Fighting
 10394 | D:10     | Reached skill level 9 in Spellcasting
 10565 | D:10     | Noticed a centaur warrior
 10567 | D:10     | HP: 23/97 [centaur warrior/bolt (14)]
 10573 | D:10     | HP: 22/97 [centaur warrior/+0 arbalest (4)]
 10573 | D:10     | HP: 8/97 [centaur warrior/+0 arbalest (7)]
 10576 | D:10     | Killed a centaur warrior
 10685 | D:10     | Noticed a two-headed ogre
 10694 | D:10     | Killed a two-headed ogre
 10710 | D:10     | Noticed an eight-headed hydra
 10792 | D:10     | Killed an eight-headed hydra
 10793 | D:10     | Reached skill level 10 in Fighting
 10793 | D:10     | Reached skill level 10 in Spellcasting
 10817 | D:10     | Noticed a two-headed ogre
 10826 | D:10     | Killed a two-headed ogre
 10827 | D:10     | Reached skill level 7 in Invocations
 11135 | D:10     | Noticed a two-headed ogre
 11138 | D:10     | Noticed a death knight
 11143 | D:10     | Killed a two-headed ogre
 11144 | D:10     | Reached skill level 8 in Invocations
 11147 | D:10     | Killed a death knight
 11148 | D:10     | Reached skill level 9 in Invocations
 11148 | D:10     | Reached XP level 12. HP: 42/106 MP: 0/26
 11418 | D:10     | Found a staircase to the Lair.
 11844 | D:10     | magus.rc [v1.9.6]
 11845 | Lair:1   | Entered Level 1 of the Lair of Beasts
 11847 | Lair:1   | Was placed under penance by Elyvilon
 11848 | Lair:1   | Noticed a death yak
 11848 | Lair:1   | Noticed a death yak
 11848 | Lair:1   | Noticed a death yak
 11855 | Lair:1   | Noticed a death yak
 11858 | Lair:1   | Reached skill level 10 in Invocations
 11865 | Lair:1   | Reached skill level 5 in Evocations
 11867 | Lair:1   | Noticed a death yak
 11882 | Lair:1   | Killed a death yak
 11889 | Lair:1   | Killed a death yak
 11890 | Lair:1   | Reached skill level 6 in Evocations
 12041 | Lair:1   | You pick up a book of Dreams and begin reading...
 12041 | Lair:1   | You add the spells Fugue of the Fallen and Anguish to your
                  | library.
 12083 | Lair:1   | Killed a death yak
 12084 | Lair:1   | Reached skill level 7 in Evocations
 12084 | Lair:1   | Killed a death yak
 12088 | Lair:1   | Killed a death yak
 12089 | Lair:1   | Reached skill level 8 in Evocations
 12389 | Lair:1   | Was forgiven by Elyvilon
 12430 | Lair:1   | Reached skill level 7 in Dodging
 13258 | Lair:2   | Reached skill level 8 in Dodging
 13510 | Lair:2   | Reached skill level 9 in Alchemy
 13625 | Lair:2   | Noticed an eight-headed hydra
 13628 | Lair:2   | Killed an eight-headed hydra
 13862 | Lair:2   | Noticed an eight-headed hydra
 13869 | Lair:2   | HP: 26/106 [eight-headed hydra (8)]
 13869 | Lair:2   | HP: 10/106 [eight-headed hydra (6)]
 13870 | Lair:2   | Killed an eight-headed hydra
 14276 | Lair:2   | You fall into a shaft and drop 1 floor!
 14310 | Lair:3   | Identified the +6 mace "Xofituw" {flame, SInv}
 14371 | Lair:3   | Reached skill level 10 in Alchemy
 14371 | Lair:3   | Reached XP level 13. HP: 87/113 MP: 19/27
 14622 | Lair:3   | Reached ****** piety under Elyvilon
 14653 | Lair:3   | Found a staircase to the Snake Pit.
 14688 | Lair:3   | Noticed Urug
 14729 | Lair:3   | Reached skill level 11 in Invocations
 14897 | Lair:3   | You pick up a book of Conjurations {@e2} and begin
                  | reading...
 14897 | Lair:3   | You add the spells Magic Dart, Searing Ray and Fulminant
                  | Prism to your library.
 15004 | Lair:3   | Killed Urug
 15434 | Lair:3   | Reached skill level 12 in Invocations
 15821 | Lair:4   | Found a staircase to the Slime Pits.
 15984 | Lair:4   | Reached skill level 9 in Evocations
 16406 | Lair:4   | You pick up a book of Beasts and begin reading...
 16406 | Lair:4   | You add the spells Summon Ice Beast, Summon Mana Viper and
                  | Monstrous Menagerie to your library.
 16413 | Lair:4   | Identified the +0 pair of boots of Vexation {rN+ MP+9 Dex+2
                  | Slay-2}
 16891 | Lair:2   | Reached skill level 1 in Maces & Flails
 17112 | Lair:2   | Found a staircase to the Shoals.
 17328 | Lair:5   | Entered Level 5 of the Lair of Beasts
 17336 | Lair:5   | Reached skill level 10 in Evocations
 17342 | Lair:5   | Reached skill level 2 in Maces & Flails
 17402 | Lair:5   | Reached skill level 3 in Maces & Flails
 17466 | Lair:5   | Reached skill level 4 in Maces & Flails
 17588 | Lair:5   | You pick up a book of Cantrips and begin reading...
 17588 | Lair:5   | You add the spells Necrotise, Summon Small Mammal and
                  | Apportation to your library.
 17779 | Lair:5   | Reached skill level 5 in Maces & Flails
 18073 | Lair:5   | Reached skill level 6 in Maces & Flails
 18454 | Lair:5   | Paralysed by a hornet for 2 turns
 18488 | Lair:5   | Reached XP level 14. HP: 62/122 MP: 18/28
 18836 | Lair:5   | Identified the serpent talisman of the Iron Devil {rElec
                  | Int-5 Dex+6}
 19082 | Lair:5   | You pick up a book of the Wilderness and begin reading...
 19082 | Lair:5   | You add the spells Summon Forest and Summon Cactus Giant to
                  | your library.
 19276 | Orc:1    | Entered Level 1 of the Orcish Mines
 20104 | Orc:2    | Entered Level 2 of the Orcish Mines
 20114 | Orc:2    | Found a staircase to the Elven Halls.
 20427 | Orc:2    | Reached skill level 11 in Fighting
 20427 | Orc:2    | Reached skill level 11 in Spellcasting
 20684 | Orc:2    | Found Pemi's Armour Shop.
 20702 | Orc:2    | Found Utorryg's Assorted Antiques.
 20908 | Orc:2    | Bought a +2 hat for 240 gold pieces
 20954 | Orc:2    | Found a roughly hewn altar of Beogh.
 20979 | Orc:2    | Found Gietoef's Distillery.
 20980 | Orc:2    | Found Syotoh's Weapon Boutique.
 21105 | Orc:2    | Bought a potion of heal wounds for 85 gold pieces
 21105 | Orc:2    | Bought a potion of heal wounds for 85 gold pieces
 21105 | Orc:2    | Bought a potion of heal wounds for 85 gold pieces
 21136 | Orc:2    | Bought a shimmering shortbow for 312 gold pieces
 21136 | Orc:2    | Identified the +5 shortbow of Siokea {freeze, Int+2 Dex+3}
                  | (You bought it in a shop on level 2 of the Orcish Mines)
 21497 | D:9      | Learned a level 5 spell: Summon Forest
 21934 | D:11     | Reached skill level 1 in Translocations
 21938 | D:11     | Reached skill level 1 in Summonings
 22313 | D:11     | You add the spells Eringya's Noxious Bog and Summon Hydra
                  | to your library.
 22422 | D:12     | Reached skill level 12 in Fighting
 22422 | D:12     | Reached skill level 12 in Spellcasting
 22929 | D:12     | Reached skill level 2 in Summonings
 23207 | D:12     | Reached skill level 2 in Translocations
 23347 | D:12     | Noticed Azrael
 23366 | D:12     | HP: 44/189 [Azrael/+4 scimitar of flaming (6)]
 23368 | D:12     | HP: 16/189 [Azrael/damnation (25)]
 23369 | D:12     | Killed Azrael
 23370 | D:12     | Reached skill level 3 in Summonings
 23370 | D:12     | Reached skill level 3 in Translocations
 23709 | D:12     | Identified the +2 scale mail "Hebydd" {Harm Regen+ Int+2
                  | Dex-2}
 23972 | D:12     | Noticed Fannar
 23977 | D:12     | Pacified Fannar
 24241 | D:13     | Reached skill level 4 in Summonings
 24247 | D:13     | Reached skill level 4 in Translocations
 24565 | D:13     | Found a gate to the Vaults.
 24705 | D:13     | Reached skill level 5 in Summonings
 24820 | D:13     | Reached skill level 5 in Translocations
 25574 | D:14     | Noticed Roxanne
 25593 | D:14     | Found a gate leading to a gauntlet.
 25594 | D:14     | Identified the +6 spear of Death's Door {freeze, Int-4
                  | Dex+4}
 25597 | D:14     | Reached XP level 15. HP: 35/132 MP: 16/31
 25599 | Gauntlet | Entered a Gauntlet
 25599 | Gauntlet | Found a transporter.
 25599 | Gauntlet | Found a transporter.
 25831 | Gauntlet | Found a transporter.
 25831 | Gauntlet | Found a transporter.
 25840 | Gauntlet | Found a transporter.
 25852 | Gauntlet | Found a transporter.
 25868 | Gauntlet | Found a transporter.
 25869 | Gauntlet | Found a transporter.
 25873 | Gauntlet | Found a transporter.
 25873 | Gauntlet | Found a transporter.
 25876 | Gauntlet | Found a transporter.
 25961 | Gauntlet | Found a transporter.
 25979 | Gauntlet | Found a transporter.
 25989 | Gauntlet | Found a transporter.
 26076 | Gauntlet | Found a transporter.
 26090 | Gauntlet | Found a transporter.
 26183 | Gauntlet | Reached skill level 6 in Summonings
 26183 | Gauntlet | Reached skill level 6 in Translocations
 26346 | Gauntlet | Identified the amulet "Cucomp" {Faith SInv}
 26470 | Gauntlet | Identified the +4 rapier "Mibucwuan" {flame, rElec}
 26543 | Gauntlet | You add the spells Ignite Poison and Ignition to your
                  | library.
 26551 | Gauntlet | Learned a level 4 spell: Ignite Poison
 26654 | D:14     | Reached skill level 1 in Shields
 26659 | D:14     | Reached skill level 2 in Shields
 26673 | D:14     | Reached skill level 3 in Shields
 26683 | D:14     | Reached skill level 4 in Shields
 26691 | D:14     | HP: 20/132 [cyan ugly thing (14)]
 27097 | D:14     | Reached skill level 5 in Shields
 27103 | D:14     | magus.rc [v1.9.6]
 27273 | D:14     | Found a runed translucent door.
 27273 | D:14     | Noticed Jow Cuco's ghost (adept CoHu)
 27275 | D:14     | Identified the +4 spear "Qufiel" {freeze, rPois rF- rC+
                  | rN+}
 27320 | D:14     | Noticed Frances
 27334 | D:14     | Killed Frances
 27557 | D:14     | Reached skill level 6 in Shields
 27709 | D:15     | Entered Level 15 of the Dungeon
 27719 | D:15     | Noticed Nessos
 27727 | D:15     | Killed Nessos
 27891 | D:15     | Reached skill level 7 in Shields
 28258 | D:15     | magus.rc [v1.9.6]
 28298 | D:15     | Reached skill level 8 in Shields
 28314 | D:15     | Reached skill level 6 in Fire Magic
 28673 | D:15     | Found a radiant altar of Vehumet.
 28993 | D:15     | Reached skill level 7 in Fire Magic
 29277 | D:15     | Found a staircase to the Depths.
 29510 | Lair:2   | magus.rc [v1.9.6]
 29559 | Shoals:1 | Entered Level 1 of the Shoals
 29559 | Shoals:1 | Found Nyzuhiekh's Jewellery Emporium.
 29816 | Shoals:1 | magus.rc [v1.9.6]
 30171 | Shoals:1 | Noticed Kirke
 30177 | Shoals:1 | Reached skill level 7 in Summonings
 30177 | Shoals:1 | Reached skill level 7 in Translocations
 30184 | Shoals:1 | Killed Kirke
 30185 | Shoals:1 | Reached skill level 8 in Fire Magic
 30579 | Shoals:1 | Reached XP level 16. HP: 101/139 MP: 30/32
 31309 | Shoals:1 | Reached skill level 8 in Translocations
 31469 | Shoals:2 | Reached skill level 8 in Summonings
 31704 | Shoals:2 | HP: 34/139 [merfolk aquamancer/shard of ice (32)]
 32171 | Shoals:2 | Reached skill level 9 in Translocations
 32901 | Shoals:2 | Found Epsic's Weapon Boutique.
 33079 | Shoals:2 | Found Zotiwk's Visitors' Centre.
 33086 | Shoals:2 | Reached skill level 10 in Translocations
 33272 | Shoals:2 | Found Zotiwk's Merfolk Weapons.
 33272 | Shoals:2 | Found Zotiwk's Merfolk Magic.
 33431 | Shoals:2 | magus.rc [v1.9.6]
 33981 | Shoals:3 | Identified the +1 short sword "Eveyts" {freeze, ^Contam
                  | rPois rF++ rN+++}
 34276 | Shoals:3 | Reached skill level 9 in Summonings
 34552 | Shoals:3 | Noticed Ilsuiw
 34563 | Shoals:3 | Killed Ilsuiw
 34709 | Shoals:3 | Reached skill level 10 in Summonings
 34828 | Shoals:3 | You pick up a book of the Spheres and begin reading...
 34828 | Shoals:3 | You add the spells Iskenderun's Battlesphere, Fireball,
                  | Conjure Ball Lightning and Orb of Destruction to your
                  | library.
 35210 | Shoals:4 | Entered Level 4 of the Shoals
 35232 | Shoals:3 | HP: 25/139 [merfolk aquamancer/ball of steam (15)]
 36114 | Shoals:4 | HP: 27/141 [merfolk javelineer/javelin (10)]
 36130 | Shoals:4 | HP: 33/141 [sea snake (15)]
 36522 | Shoals:4 | Got a barnacled rune of Zot
 36741 | Shoals:4 | You pick up a book of Necromancy {forbidden} and begin
                  | reading...
 36741 | Shoals:4 | You add the spells Vampiric Draining, Martyr's Knell and
                  | Curse of Agony to your library.
 36843 | Shoals:4 | Noticed a kraken
 36852 | Shoals:4 | Killed a kraken
 36853 | Shoals:4 | Reached skill level 13 in Fighting
 36853 | Shoals:4 | Reached skill level 13 in Invocations
 36858 | Shoals:4 | Reached XP level 17. HP: 149/149 MP: 4/33
 37113 | Shoals:4 | Learned a level 5 spell: Summon Mana Viper
 37136 | Shoals:4 | Noticed Polyphemus
 37155 | Shoals:4 | Killed Polyphemus
 37156 | Shoals:4 | Reached skill level 2 in Hexes
 37156 | Shoals:4 | HP: 33/149 [manticore/volley of spikes (16)]
 37159 | Shoals:4 | Reached skill level 3 in Hexes
 37503 | Shoals:4 | You add the spells Slow, Flame Wave, Metabolic Englaciation
                  | and Plasma Beam to your library.
 37503 | Shoals:4 | Got the Grimoire of Ensorcelling and Flame
 37610 | Shoals:4 | You pick up a book of Ice and begin reading...
 37610 | Shoals:4 | You add the spells Sculpt Simulacrum, Ozocubu's
                  | Refrigeration and Polar Vortex to your library.
 37683 | Shoals:4 | Reached skill level 4 in Hexes
 37794 | Shoals:4 | Identified the ring "Lugaoxt" {rF+++ rN+ Int+4 Dex-4}
 38293 | Snake:1  | Entered Level 1 of the Snake Pit
 38294 | Snake:1  | Upgraded the game from 0.32-a0-732-ga344392067 to
                  | 0.32-a0-747-gc8563f6773
 38294 | Snake:1  | magus.rc [v1.9.6]
 38307 | Snake:1  | Learned a level 6 spell: Eringya's Noxious Bog
 38355 | Snake:1  | Identified the serpent talisman "Zilola" {rC+ Will+}
 38355 | Snake:1  | Noticed Aizul
 38368 | Snake:1  | Killed Aizul
 38369 | Snake:1  | Reached skill level 5 in Hexes
 38954 | Snake:1  | Noticed Mlioglotl
 39614 | Snake:1  | Reached skill level 6 in Hexes
 40409 | Snake:1  | You fall into a shaft and drop 1 floor!
 40468 | Snake:2  | Reached skill level 11 in Alchemy
 40480 | Snake:2  | HP: 33/149 [salamander/+0 halberd (9)]
 41115 | Snake:2  | Reached skill level 12 in Alchemy
 41614 | Snake:2  | magus.rc [v1.9.6]
 41621 | Snake:3  | Found Bozairgh's Neck Hole.
 42581 | Snake:3  | You pick up a book of Weapons and begin reading...
 42581 | Snake:3  | You add the spells Tukima's Dance, Dimensional Bullseye and
                  | Iskenderun's Mystic Blast to your library.
 42604 | Snake:3  | Learned a level 4 spell: Iskenderun's Mystic Blast
 42758 | Snake:3  | Noticed Bai Suzhen
 42780 | Snake:3  | Killed Bai Suzhen
 42781 | Snake:3  | Reached skill level 14 in Fighting
 42928 | Snake:3  | Reached skill level 14 in Invocations
 42999 | Snake:3  | Reached skill level 13 in Spellcasting
 43117 | Snake:3  | Found a runed translucent door.
 43120 | Snake:3  | Noticed Odausch's ghost (adept DsNe)
 43152 | Snake:3  | Found Wydwubub's Jewellery Boutique.
 43153 | Snake:3  | Found Buyly's Book Emporium.
 43161 | Snake:3  | Found Samadal's Jewellery Boutique.
 43165 | Snake:3  | Reached XP level 18. HP: 160/160 MP: 35/35
 43199 | Snake:3  | Bought the amulet "Jefy" {Acrobat rElec} for 616 gold
                  | pieces
 43330 | Snake:3  | Found a radiant altar of Vehumet.
 43467 | Snake:3  | magus.rc [v1.9.6]
 43467 | Snake:3  | Was placed under penance by Elyvilon
 43473 | Snake:3  | HP: 31/160 [salamander/+0 trident (15)]
 43817 | Snake:3  | Reached skill level 4 in Conjurations
 43966 | Snake:3  | magus.rc [v1.9.6]
 44084 | Snake:4  | Entered Level 4 of the Snake Pit
 44084 | Snake:4  | Noticed Louise
 44612 | Snake:4  | Noticed Nikola
 44650 | Snake:4  | Killed Nikola
 44725 | Snake:4  | magus.rc [v1.9.6]
 44928 | Snake:4  | Reached skill level 5 in Conjurations
 45330 | Snake:4  | Found Toxaddemm's Gadget Gallery.
 45338 | Snake:4  | Bought a lightning rod (4/4) for 840 gold pieces
 45404 | Snake:4  | HP: 38/160 [shock serpent/bolt of electricity (24)]
 45799 | Snake:4  | Reached skill level 6 in Conjurations
 45801 | Snake:4  | Reached skill level 14 in Spellcasting
 46142 | Snake:4  | Was forgiven by Elyvilon
 46190 | Snake:4  | Reached skill level 7 in Conjurations
 46774 | Snake:4  | Got a serpentine rune of Zot
 47050 | Vaults:1 | Entered Level 1 of the Vaults
 47056 | Vaults:1 | magus.rc [v1.9.6]
 47996 | Vaults:1 | You pick up a book of Frost and begin reading...
 47996 | Vaults:1 | You add the spells Freeze, Frozen Ramparts and Hailstorm to
                  | your library.
 48063 | Vaults:1 | Reached skill level 9 in Dodging
 48453 | Vaults:1 | Reached skill level 15 in Fighting
 48714 | Vaults:1 | Paralysed by a formless jellyfish for 1 turns
 49518 | Vaults:1 | You pick up a book of Power and begin reading...
 49540 | Vaults:1 | magus.rc [v1.9.6]
 49753 | Elf:1    | Entered Level 1 of the Elven Halls
 50180 | Elf:1    | Reached skill level 10 in Dodging
 50707 | Elf:1    | Reached XP level 19. HP: 172/172 MP: 34/37
 50710 | Elf:1    | Paralysed by an air elemental for 1 turns
 51092 | Elf:1    | Reached skill level 16 in Fighting
 51404 | Elf:1    | Reached skill level 11 in Dodging
 51563 | Elf:1    | Got the Almanac of Spawned Forces
 51652 | Elf:1    | Learned a level 4 spell: Summon Lightning Spire
 51675 | Elf:2    | Found a shimmering blue altar of Sif Muna.
 52559 | Elf:2    | Reached skill level 12 in Dodging
 52565 | Elf:2    | Found a huge runed translucent gate.
 52565 | Elf:2    | Found a huge runed translucent gate.
 52565 | Elf:2    | Found a huge runed translucent gate.
 52565 | Elf:2    | Found a huge runed translucent gate.
 52565 | Elf:2    | Found a huge runed translucent gate.
 52575 | Elf:2    | HP: 30/172 [+0 triple crossbow (36)]
 52978 | Elf:3    | Entered Level 3 of the Elven Halls
 53617 | Elf:3    | Found Cablarar's Antique Armour Boutique.
 54014 | Elf:3    | Reached skill level 15 in Invocations
 54017 | Elf:3    | Identified the +9 trident "Jorchith" {drain, *Slow rPois
                  | Stlth+}
 54017 | Elf:3    | Identified the ring of Qesahad {rCorr Int+4}
 54038 | Elf:3    | Reached skill level 16 in Invocations
 54320 | Elf:3    | Identified the +6 flail of the Horn {venom, rF+++ rC+ Int-2
                  | Stlth+}
 54356 | Elf:3    | Reached skill level 11 in Summonings
 54517 | Elf:3    | a deep elf demonologist comes into view. It is wielding the
                  | +8 lance "Wyrmbane" {slay drac, rPois rF+ rC+ AC+3},
                  | wearing a +0 robe of willpower and wearing an orb of guile.
 54765 | Elf:3    | Aim: a deep elf demonologist, wielding the +8 lance
                  | "Wyrmbane" {slay drac, rPois rF+ rC+ AC+3}, wearing a +0
                  | robe of willpower and wearing an orb of guile
 54768 | Elf:3    | Aim: a deep elf demonologist, wielding the +8 lance
                  | "Wyrmbane" {slay drac, rPois rF+ rC+ AC+3}, wearing a +0
                  | robe of willpower and wearing an orb of guile (severely
                  | wounded, magic disrupted)
 54768 | Elf:3    | Aim: a deep elf demonologist, wielding the +8 lance
                  | "Wyrmbane" {slay drac, rPois rF+ rC+ AC+3}, wearing a +0
                  | robe of willpower and wearing an orb of guile (severely
                  | wounded, magic disrupted)
 54850 | Elf:3    | Reached skill level 1 in Polearms
 54940 | Elf:3    | Reached skill level 2 in Polearms
 55017 | Elf:3    | You pick up a book of Burglary and begin reading...
 55025 | Elf:3    | You pick up a book of Displacement and begin reading...
 55025 | Elf:3    | You add the spells Lesser Beckoning, Gell's Gravitas and
                  | Teleport Other to your library.
 55028 | Elf:3    | Identified the +3 pair of boots of the Stone Wall {Str-2
                  | Dex+4}
 55124 | Elf:3    | You pick up a book of Death {forbidden} and begin
                  | reading...
 55124 | Elf:3    | You add the spells Animate Dead, Haunt and Infestation to
                  | your library.
 55216 | Elf:3    | Upgraded the game from 0.32-a0-747-gc8563f6773 to
                  | 0.32-a0-779-g362cfcae2a
 55216 | Elf:3    | magus.rc [v1.9.6]
 55551 | Vaults:2 | Found a staircase to the Crypt.
 55551 | Vaults:2 | Found an ancient bone altar of Kikubaaqudgha.
 55551 | Vaults:2 | Found a basalt altar of Yredelemnul.
 55647 | Vaults:2 | Reached skill level 3 in Polearms
 55865 | Vaults:2 | You add the spells Cigotuvi's Dreadful Rot and Freezing
                  | Cloud to your library.
 55888 | Vaults:2 | Reached XP level 20. HP: 180/180 MP: 38/38
 55908 | Vaults:2 | Reached skill level 4 in Polearms
 55914 | Vaults:2 | Learned a level 5 spell: Freezing Cloud
 56019 | Vaults:2 | Reached skill level 5 in Polearms
 56207 | Vaults:2 | Reached skill level 6 in Polearms
 56672 | Vaults:2 | Reached skill level 7 in Polearms
 56779 | Vaults:2 | Aim: a vault warden, wielding a +0 long sword and wearing a
                  | +0 chain mail (freezing vapour, lightly wounded, about 26%
                  | to evade the +9 lance "Wyrmbane")
 56779 | Vaults:2 | Aim: a vault warden, wielding a +0 long sword and wearing a
                  | +0 chain mail (freezing vapour, lightly wounded, about 26%
                  | to evade the +9 lance "Wyrmbane")
 56780 | Vaults:2 | Aim: a vault warden, wielding a +0 long sword and wearing a
                  | +0 chain mail (freezing vapour, moderately wounded, ally
                  | target, about 26% to evade the +9 lance "Wyrmbane")
 56780 | Vaults:2 | Aim: a vault warden, wielding a +0 long sword and wearing a
                  | +0 chain mail (freezing vapour, moderately wounded, ally
                  | target, about 26% to evade the +9 lance "Wyrmbane")
 56781 | Vaults:2 | Aim: a vault warden, wielding a +0 long sword and wearing a
                  | +0 chain mail (freezing vapour, moderately wounded, ally
                  | target, about 26% to evade the +9 lance "Wyrmbane")
 56781 | Vaults:2 | Aim: a vault warden, wielding a +0 long sword and wearing a
                  | +0 chain mail (freezing vapour, moderately wounded, ally
                  | target, about 26% to evade the +9 lance "Wyrmbane")
 56782 | Vaults:2 | Aim: a vault warden, wielding a +0 long sword and wearing a
                  | +0 chain mail (freezing vapour, severely wounded, ally
                  | target, magic disrupted, about 26% to evade the +9 lance
                  | "Wyrmbane")
 56782 | Vaults:2 | Aim: a vault warden, wielding a +0 long sword and wearing a
                  | +0 chain mail (freezing vapour, severely wounded, ally
                  | target, magic disrupted, about 26% to evade the +9 lance
                  | "Wyrmbane")
 56783 | Vaults:2 | Aim: a vault warden, wielding a +0 long sword and wearing a
                  | +0 chain mail (almost dead, ally target, magic disrupted,
                  | about 26% to evade the +9 lance "Wyrmbane")
 56783 | Vaults:2 | Aim: a vault warden, wielding a +0 long sword and wearing a
                  | +0 chain mail (almost dead, ally target, magic disrupted,
                  | about 26% to evade the +9 lance "Wyrmbane")
 56784 | Vaults:2 | Aim: a vault warden, wielding a +0 long sword and wearing a
                  | +0 chain mail (severely wounded, ally target, magic
                  | disrupted, about 26% to evade the +9 lance "Wyrmbane")
 56784 | Vaults:2 | Aim: a vault warden, wielding a +0 long sword and wearing a
                  | +0 chain mail (severely wounded, ally target, magic
                  | disrupted, about 26% to evade the +9 lance "Wyrmbane")
 56785 | Vaults:2 | Aim: a vault warden, wielding a +0 long sword and wearing a
                  | +0 chain mail (almost dead, ally target, magic disrupted,
                  | about 26% to evade the +9 lance "Wyrmbane")
 56785 | Vaults:2 | Aim: a vault warden, wielding a +0 long sword and wearing a
                  | +0 chain mail (almost dead, ally target, magic disrupted,
                  | about 26% to evade the +9 lance "Wyrmbane")
 56920 | Vaults:2 | Identified the +1 scale mail "Peuvaj" {Fly rCorr Int+4}
 57154 | Vaults:2 | Reached skill level 8 in Polearms
 57520 | Vaults:3 | Found a runed translucent gate.
 57520 | Vaults:3 | Found a runed translucent gate.
 57520 | Vaults:3 | Found a runed translucent gate.
 57520 | Vaults:3 | Found an opulent altar of Gozag.
 57521 | Vaults:3 | Found Naudiky's Assorted Antiques.
 57521 | Vaults:3 | Noticed Plog's ghost (adept AtMo)
 57634 | Vaults:3 | Reached skill level 9 in Polearms
 57739 | Vaults:3 | Paralysed by a formless jellyfish for 1 turns
 57869 | Vaults:3 | Reached skill level 10 in Polearms
 58280 | Vaults:3 | Aim: a vault warden, wielding a +0 battleaxe and wearing a
                  | +0 chain mail (almost dead, not watching you, about 25% to
                  | evade the +9 lance "Wyrmbane")
 58280 | Vaults:3 | Aim: a vault warden, wielding a +0 battleaxe and wearing a
                  | +0 chain mail (almost dead, not watching you, about 25% to
                  | evade the +9 lance "Wyrmbane")
 58283 | Vaults:3 | Aim: a vault warden, wielding a +0 battleaxe and wearing a
                  | +0 chain mail (purple smoke, almost dead, ally target,
                  | magic disrupted, about 25% to evade the +9 lance
                  | "Wyrmbane")
 58283 | Vaults:3 | Aim: a vault warden, wielding a +0 battleaxe and wearing a
                  | +0 chain mail (purple smoke, almost dead, ally target,
                  | magic disrupted, about 25% to evade the +9 lance
                  | "Wyrmbane")
 58284 | Vaults:3 | Aim: a vault warden, wielding a +0 battleaxe and wearing a
                  | +0 chain mail (almost dead, ally target, magic disrupted,
                  | about 25% to evade the +9 lance "Wyrmbane")
 58284 | Vaults:3 | Aim: a vault warden, wielding a +0 battleaxe and wearing a
                  | +0 chain mail (almost dead, ally target, magic disrupted,
                  | about 25% to evade the +9 lance "Wyrmbane")
 58428 | Vaults:3 | Reached skill level 11 in Polearms
 58673 | Vaults:3 | Aim: a war gargoyle, wielding a +0 flail of venom (strong,
                  | ally target, about 11% to evade the +9 lance "Wyrmbane")
 58673 | Vaults:3 | Aim: a war gargoyle, wielding a +0 flail of venom (strong,
                  | ally target, about 11% to evade the +9 lance "Wyrmbane")
 58676 | Vaults:3 | Aim: a war gargoyle, wielding a +0 flail of venom (strong,
                  | catching its breath, ally target, about 11% to evade the +9
                  | lance "Wyrmbane")
 58676 | Vaults:3 | Aim: a war gargoyle, wielding a +0 flail of venom (strong,
                  | catching its breath, ally target, about 11% to evade the +9
                  | lance "Wyrmbane")
 58677 | Vaults:3 | Aim: a war gargoyle, wielding a +0 flail of venom (strong,
                  | catching its breath, ally target, about 11% to evade the +9
                  | lance "Wyrmbane")
 58677 | Vaults:3 | Aim: a war gargoyle, wielding a +0 flail of venom (strong,
                  | catching its breath, ally target, about 11% to evade the +9
                  | lance "Wyrmbane")
 58678 | Vaults:3 | Aim: a war gargoyle, wielding a +0 flail of venom (lightly
                  | damaged, strong, ally target, about 11% to evade the +9
                  | lance "Wyrmbane")
 58678 | Vaults:3 | Aim: a war gargoyle, wielding a +0 flail of venom (lightly
                  | damaged, strong, ally target, about 11% to evade the +9
                  | lance "Wyrmbane")
 58679 | Vaults:3 | Aim: a war gargoyle, wielding a +0 flail of venom (lightly
                  | damaged, strong, ally target, about 11% to evade the +9
                  | lance "Wyrmbane")
 58679 | Vaults:3 | Aim: a war gargoyle, wielding a +0 flail of venom (lightly
                  | damaged, strong, ally target, about 11% to evade the +9
                  | lance "Wyrmbane")
 58680 | Vaults:3 | Aim: a war gargoyle, wielding a +0 flail of venom (lightly
                  | damaged, strong, ally target, about 11% to evade the +9
                  | lance "Wyrmbane")
 58680 | Vaults:3 | Aim: a war gargoyle, wielding a +0 flail of venom (lightly
                  | damaged, strong, ally target, about 11% to evade the +9
                  | lance "Wyrmbane")
 58681 | Vaults:3 | Aim: a war gargoyle, wielding a +0 flail of venom (heavily
                  | damaged, strong, ally target, about 11% to evade the +9
                  | lance "Wyrmbane")
 58681 | Vaults:3 | Aim: a war gargoyle, wielding a +0 flail of venom (heavily
                  | damaged, strong, ally target, about 11% to evade the +9
                  | lance "Wyrmbane")
 58682 | Vaults:3 | Aim: a war gargoyle, wielding a +0 flail of venom (heavily
                  | damaged, strong, not watching you, catching its breath,
                  | ally target, about 11% to evade the +9 lance "Wyrmbane")
 58682 | Vaults:3 | Aim: a war gargoyle, wielding a +0 flail of venom (heavily
                  | damaged, strong, not watching you, catching its breath,
                  | ally target, about 11% to evade the +9 lance "Wyrmbane")
 58683 | Vaults:3 | Aim: a war gargoyle, wielding a +0 flail of venom (severely
                  | damaged, strong, not watching you, catching its breath,
                  | ally target, about 11% to evade the +9 lance "Wyrmbane")
 58683 | Vaults:3 | Aim: a war gargoyle, wielding a +0 flail of venom (severely
                  | damaged, strong, not watching you, catching its breath,
                  | ally target, about 11% to evade the +9 lance "Wyrmbane")
 58684 | Vaults:3 | Aim: a war gargoyle, wielding a +0 flail of venom (severely
                  | damaged, strong, catching its breath, ally target, about
                  | 11% to evade the +9 lance "Wyrmbane")
 58684 | Vaults:3 | Aim: a war gargoyle, wielding a +0 flail of venom (severely
                  | damaged, strong, catching its breath, ally target, about
                  | 11% to evade the +9 lance "Wyrmbane")
 58685 | Vaults:3 | Aim: a war gargoyle, wielding a +0 flail of venom (severely
                  | damaged, strong, catching its breath, ally target, about
                  | 11% to evade the +9 lance "Wyrmbane")
 58685 | Vaults:3 | Aim: a war gargoyle, wielding a +0 flail of venom (severely
                  | damaged, strong, catching its breath, ally target, about
                  | 11% to evade the +9 lance "Wyrmbane")
 58686 | Vaults:3 | Aim: a war gargoyle, wielding a +0 flail of venom (severely
                  | damaged, strong, catching its breath, ally target, about
                  | 11% to evade the +9 lance "Wyrmbane")
 58686 | Vaults:3 | Aim: a war gargoyle, wielding a +0 flail of venom (severely
                  | damaged, strong, catching its breath, ally target, about
                  | 11% to evade the +9 lance "Wyrmbane")
 58687 | Vaults:3 | Aim: a war gargoyle, wielding a +0 flail of venom (severely
                  | damaged, strong, not watching you, ally target, about 11%
                  | to evade the +9 lance "Wyrmbane")
 58687 | Vaults:3 | Aim: a war gargoyle, wielding a +0 flail of venom (severely
                  | damaged, strong, not watching you, ally target, about 11%
                  | to evade the +9 lance "Wyrmbane")
 58688 | Vaults:3 | Aim: a war gargoyle, wielding a +0 flail of venom (severely
                  | damaged, strong, ally target, about 11% to evade the +9
                  | lance "Wyrmbane")
 58688 | Vaults:3 | Aim: a war gargoyle, wielding a +0 flail of venom (severely
                  | damaged, strong, ally target, about 11% to evade the +9
                  | lance "Wyrmbane")
 58689 | Vaults:3 | Aim: a war gargoyle, wielding a +0 flail of venom (severely
                  | damaged, ally target, about 11% to evade the +9 lance
                  | "Wyrmbane")
 58689 | Vaults:3 | Aim: a war gargoyle, wielding a +0 flail of venom (severely
                  | damaged, ally target, about 11% to evade the +9 lance
                  | "Wyrmbane")
 58690 | Vaults:3 | Aim: a war gargoyle, wielding a +0 flail of venom (almost
                  | destroyed, constricted by your snaplasher vine, not
                  | watching you, ally target, about 2% to evade the +9 lance
                  | "Wyrmbane")
 58690 | Vaults:3 | Aim: a war gargoyle, wielding a +0 flail of venom (almost
                  | destroyed, constricted by your snaplasher vine, not
                  | watching you, ally target, about 2% to evade the +9 lance
                  | "Wyrmbane")
 59334 | Vaults:3 | Noticed Xtahua
 59381 | Vaults:3 | Killed Xtahua
 59382 | Vaults:3 | Reached skill level 12 in Polearms
 59654 | Vaults:3 | Reached skill level 1 in Ice Magic
 59656 | Vaults:3 | Aim: an ironbound preserver, wielding a +0 dire flail and
                  | wearing a +0 ring mail (freezing vapour, almost dead, soul
                  | bound, about 13% to evade the +10 lance "Wyrmbane")
 59656 | Vaults:3 | Aim: an ironbound preserver, wielding a +0 dire flail and
                  | wearing a +0 ring mail (freezing vapour, almost dead, soul
                  | bound, about 13% to evade the +10 lance "Wyrmbane")
 59657 | Vaults:3 | Aim: an ironbound preserver, wielding a +0 dire flail and
                  | wearing a +0 ring mail (freezing vapour, almost dead, about
                  | 13% to evade the +10 lance "Wyrmbane")
 59657 | Vaults:3 | Aim: an ironbound preserver, wielding a +0 dire flail and
                  | wearing a +0 ring mail (freezing vapour, almost dead, about
                  | 13% to evade the +10 lance "Wyrmbane")
 59804 | Vaults:3 | You pick up a book of Minor Magic and begin reading...
 59804 | Vaults:3 | You add the spells Blink and Call Imp to your library.
 59808 | Vaults:3 | You pick up a book of Touch and begin reading...
 59808 | Vaults:3 | You add the spells Kiss of Death, Confusing Touch and
                  | Dispel Undead to your library.
 59816 | Vaults:3 | You pick up a book of the Warp and begin reading...
 59816 | Vaults:3 | You add the spells Manifold Assault, Dispersal and
                  | Disjunction to your library.
 59818 | Vaults:3 | You pick up a book of the Dragon and begin reading...
 59818 | Vaults:3 | You add the spells Cause Fear and Dragon's Call to your
                  | library.
 60053 | Vaults:3 | You pick up a book of the Tundra and begin reading...
 60188 | Vaults:3 | Reached skill level 2 in Ice Magic
 60193 | Vaults:3 | Reached skill level 4 in Air Magic
 60303 | Vaults:3 | Killed Plog's ghost
 60304 | Vaults:3 | Reached skill level 3 in Ice Magic
 60367 | Vaults:3 | Bought a phantom mirror for 1320 gold pieces
 60793 | Vaults:4 | Reached skill level 5 in Air Magic
 60985 | Vaults:4 | Reached skill level 4 in Ice Magic
 61055 | Vaults:4 | Reached XP level 21. HP: 118/188 MP: 39/39
 61247 | Vaults:4 | Noticed Zenata
 61262 | Vaults:4 | Killed Zenata
 61263 | Vaults:4 | Reached skill level 6 in Air Magic
 61269 | Vaults:4 | Reached skill level 5 in Ice Magic
 61318 | Vaults:4 | Identified the +0 tower shield of Fortitude {-Cast rC+
                  | Will++}
 61318 | Vaults:4 | Noticed Mennas
 61581 | Depths:1 | Entered Level 1 of the Depths
 61618 | Depths:1 | Aim: a rakshasa, wielding a +0 trident and wearing a +0
                  | robe (about 30% to evade the +10 lance "Wyrmbane")
 61618 | Depths:1 | Aim: a rakshasa, wielding a +0 trident and wearing a +0
                  | robe (about 30% to evade the +10 lance "Wyrmbane")
 61619 | Depths:1 | Aim: a rakshasa, wielding a +0 trident and wearing a +0
                  | robe (about 30% to evade the +10 lance "Wyrmbane")
 61619 | Depths:1 | Aim: a rakshasa, wielding a +0 trident and wearing a +0
                  | robe (about 30% to evade the +10 lance "Wyrmbane")
 61620 | Depths:1 | Aim: a rakshasa, wielding a +0 trident and wearing a +0
                  | robe (about 30% to evade the +10 lance "Wyrmbane")
 61620 | Depths:1 | Aim: a rakshasa, wielding a +0 trident and wearing a +0
                  | robe (about 30% to evade the +10 lance "Wyrmbane")
 61621 | Depths:1 | Aim: a rakshasa, wielding a +0 trident and wearing a +0
                  | robe (about 30% to evade the +10 lance "Wyrmbane")
 61621 | Depths:1 | Aim: a rakshasa, wielding a +0 trident and wearing a +0
                  | robe (about 30% to evade the +10 lance "Wyrmbane")
 61622 | Depths:1 | Aim: a rakshasa, wielding a +0 trident and wearing a +0
                  | robe (lightly wounded, about 30% to evade the +10 lance
                  | "Wyrmbane")
 61622 | Depths:1 | Aim: a rakshasa, wielding a +0 trident and wearing a +0
                  | robe (lightly wounded, about 30% to evade the +10 lance
                  | "Wyrmbane")
 61624 | Depths:1 | Aim: a rakshasa, wielding a +0 trident and wearing a +0
                  | robe (lightly wounded, about 30% to evade the +10 lance
                  | "Wyrmbane")
 61624 | Depths:1 | Aim: a rakshasa, wielding a +0 trident and wearing a +0
                  | robe (lightly wounded, about 30% to evade the +10 lance
                  | "Wyrmbane")
 61625 | Depths:1 | Aim: a rakshasa, wielding a +0 trident and wearing a +0
                  | robe (lightly wounded, about 30% to evade the +10 lance
                  | "Wyrmbane")
 61625 | Depths:1 | Aim: a rakshasa, wielding a +0 trident and wearing a +0
                  | robe (lightly wounded, about 30% to evade the +10 lance
                  | "Wyrmbane")
 61634 | Depths:1 | Aim: a rakshasa, wielding a +0 trident and wearing a +0
                  | robe (lightly wounded, about 30% to evade the +10 lance
                  | "Wyrmbane")
 61634 | Depths:1 | Aim: a rakshasa, wielding a +0 trident and wearing a +0
                  | robe (lightly wounded, about 30% to evade the +10 lance
                  | "Wyrmbane")
 61896 | Depths:1 | Found a runed translucent gate.
 61896 | Depths:1 | Found a runed translucent gate.
 61896 | Depths:1 | Found a runed translucent gate.
 62017 | Depths:1 | Reached skill level 6 in Ice Magic
 62224 | Depths:1 | Found a one-way gate leading to the halls of Pandemonium.
 62567 | Depths:1 | You are cast into the Abyss!
 62567 | Abyss:2  | Cast into level 2 of the Abyss (spatial vortex)
 62571 | Abyss:2  | Found a corrupted altar of Lugonu.
 62938 | Abyss:4  | Found a corrupted altar of Lugonu.
 63052 | Abyss:4  | Reached skill level 17 in Fighting
 63088 | Abyss:4  | Found a corrupted altar of Lugonu.
 63223 | Abyss:4  | Aim: an angel, wielding a +2 sacred scourge of holy wrath
                  | and wearing a +0 robe (haloed, about 38% to evade the +14
                  | lance "Wyrmbane")
 63223 | Abyss:4  | Aim: an angel, wielding a +2 sacred scourge of holy wrath
                  | and wearing a +0 robe (haloed, about 38% to evade the +14
                  | lance "Wyrmbane")
 63224 | Abyss:4  | Aim: an angel, wielding a +2 sacred scourge of holy wrath
                  | and wearing a +0 robe (haloed, about 38% to evade the +14
                  | lance "Wyrmbane")
 63224 | Abyss:4  | Aim: an angel, wielding a +2 sacred scourge of holy wrath
                  | and wearing a +0 robe (haloed, about 38% to evade the +14
                  | lance "Wyrmbane")
 63226 | Abyss:4  | Aim: an angel, wielding a +2 sacred scourge of holy wrath
                  | and wearing a +0 robe (ally target, haloed, about 38% to
                  | evade the +14 lance "Wyrmbane")
 63226 | Abyss:4  | Aim: an angel, wielding a +2 sacred scourge of holy wrath
                  | and wearing a +0 robe (ally target, haloed, about 38% to
                  | evade the +14 lance "Wyrmbane")
 63227 | Abyss:4  | Aim: an angel, wielding a +2 sacred scourge of holy wrath
                  | and wearing a +0 robe (lightly wounded, ally target,
                  | haloed, about 38% to evade the +14 lance "Wyrmbane")
 63227 | Abyss:4  | Aim: an angel, wielding a +2 sacred scourge of holy wrath
                  | and wearing a +0 robe (lightly wounded, ally target,
                  | haloed, about 38% to evade the +14 lance "Wyrmbane")
 63228 | Abyss:4  | Aim: an angel, wielding a +2 sacred scourge of holy wrath
                  | and wearing a +0 robe (lightly wounded, ally target,
                  | haloed, about 38% to evade the +14 lance "Wyrmbane")
 63228 | Abyss:4  | Aim: an angel, wielding a +2 sacred scourge of holy wrath
                  | and wearing a +0 robe (lightly wounded, ally target,
                  | haloed, about 38% to evade the +14 lance "Wyrmbane")
 63229 | Abyss:4  | Aim: an angel, wielding a +2 sacred scourge of holy wrath
                  | and wearing a +0 robe (moderately wounded, ally target,
                  | haloed, about 38% to evade the +14 lance "Wyrmbane")
 63229 | Abyss:4  | Aim: an angel, wielding a +2 sacred scourge of holy wrath
                  | and wearing a +0 robe (moderately wounded, ally target,
                  | haloed, about 38% to evade the +14 lance "Wyrmbane")
 63230 | Abyss:4  | Aim: an angel, wielding a +2 sacred scourge of holy wrath
                  | and wearing a +0 robe (severely wounded, ally target,
                  | haloed, about 38% to evade the +14 lance "Wyrmbane")
 63230 | Abyss:4  | Aim: an angel, wielding a +2 sacred scourge of holy wrath
                  | and wearing a +0 robe (severely wounded, ally target,
                  | haloed, about 38% to evade the +14 lance "Wyrmbane")
 63231 | Abyss:4  | Aim: an angel, wielding a +2 sacred scourge of holy wrath
                  | and wearing a +0 robe (severely wounded, ally target,
                  | haloed, about 38% to evade the +14 lance "Wyrmbane")
 63231 | Abyss:4  | Aim: an angel, wielding a +2 sacred scourge of holy wrath
                  | and wearing a +0 robe (severely wounded, ally target,
                  | haloed, about 38% to evade the +14 lance "Wyrmbane")
 63232 | Abyss:4  | Aim: an angel, wielding a +2 sacred scourge of holy wrath
                  | and wearing a +0 robe (severely wounded, ally target,
                  | haloed, about 38% to evade the +14 lance "Wyrmbane")
 63232 | Abyss:4  | Aim: an angel, wielding a +2 sacred scourge of holy wrath
                  | and wearing a +0 robe (severely wounded, ally target,
                  | haloed, about 38% to evade the +14 lance "Wyrmbane")
 63233 | Abyss:4  | Aim: an angel, wielding a +2 sacred scourge of holy wrath
                  | and wearing a +0 robe (severely wounded, ally target,
                  | haloed, about 38% to evade the +14 lance "Wyrmbane")
 63233 | Abyss:4  | Aim: an angel, wielding a +2 sacred scourge of holy wrath
                  | and wearing a +0 robe (severely wounded, ally target,
                  | haloed, about 38% to evade the +14 lance "Wyrmbane")
 63234 | Abyss:4  | Aim: an angel, wielding a +2 sacred scourge of holy wrath
                  | and wearing a +0 robe (heavily wounded, ally target,
                  | haloed, about 38% to evade the +14 lance "Wyrmbane")
 63234 | Abyss:4  | Aim: an angel, wielding a +2 sacred scourge of holy wrath
                  | and wearing a +0 robe (heavily wounded, ally target,
                  | haloed, about 38% to evade the +14 lance "Wyrmbane")
 63235 | Abyss:4  | Aim: an angel, wielding a +2 sacred scourge of holy wrath
                  | and wearing a +0 robe (severely wounded, not watching you,
                  | ally target, haloed, about 38% to evade the +14 lance
                  | "Wyrmbane")
 63235 | Abyss:4  | Aim: an angel, wielding a +2 sacred scourge of holy wrath
                  | and wearing a +0 robe (severely wounded, not watching you,
                  | ally target, haloed, about 38% to evade the +14 lance
                  | "Wyrmbane")
 63236 | Abyss:4  | Aim: an angel, wielding a +2 sacred scourge of holy wrath
                  | and wearing a +0 robe (almost dead, ally target, haloed,
                  | about 38% to evade the +14 lance "Wyrmbane")
 63236 | Abyss:4  | Aim: an angel, wielding a +2 sacred scourge of holy wrath
                  | and wearing a +0 robe (almost dead, ally target, haloed,
                  | about 38% to evade the +14 lance "Wyrmbane")
 63247 | Abyss:4  | Found a glowing golden altar of the Shining One.
 63272 | Abyss:4  | Found a glowing golden altar of the Shining One.
 63278 | Abyss:4  | Noticed a juggernaut
 63287 | Abyss:4  | Got an abyssal rune of Zot
 63297 | Abyss:4  | Aim: a cherub, wielding a +0 shortbow and wearing a +0 robe
                  | (lightly wounded, strong, haloed, about 38% to evade the
                  | +14 lance "Wyrmbane")
 63297 | Abyss:4  | Aim: a cherub, wielding a +0 shortbow and wearing a +0 robe
                  | (lightly wounded, strong, haloed, about 38% to evade the
                  | +14 lance "Wyrmbane")
 63323 | Abyss:4  | Killed a juggernaut
 63326 | Abyss:4  | Found a corrupted altar of Lugonu.
 63381 | Abyss:4  | Found a corrupted altar of Lugonu.
 63450 | Abyss:4  | Reached skill level 18 in Fighting
 63456 | Depths:1 | You pass through the gate.
 63456 | Depths:1 | Escaped the Abyss
 63492 | Depths:1 | magus.rc [v1.9.6]
 63838 | Depths:1 | Noticed Asterion
 63851 | Depths:1 | Killed Asterion
 64136 | Depths:2 | HP: 34/195 [fire giant/+2 great sword of flaming (17)]
 64142 | Depths:2 | HP: 31/195 [fire giant/fireball (14)]
 64762 | Vaults:3 | Bought a scroll of teleportation for 99 gold pieces
 66726 | Depths:2 | Reached skill level 19 in Fighting
 66893 | Depths:2 | Found a one-way gate to the infinite horrors of the Abyss.
 66990 | Depths:2 | Aim: an ettin, wielding two +0 dire flails (ally target,
                  | about 9% to evade the +15 lance "Wyrmbane")
 66990 | Depths:2 | Aim: an ettin, wielding two +0 dire flails (ally target,
                  | about 9% to evade the +15 lance "Wyrmbane")
 66991 | Depths:2 | Aim: an ettin, wielding two +0 dire flails (heavily
                  | wounded, ally target, about 9% to evade the +15 lance
                  | "Wyrmbane")
 66991 | Depths:2 | Aim: an ettin, wielding two +0 dire flails (heavily
                  | wounded, ally target, about 9% to evade the +15 lance
                  | "Wyrmbane")
 66992 | Depths:2 | Aim: an ettin, wielding two +0 dire flails (heavily
                  | wounded, about 9% to evade the +15 lance "Wyrmbane")
 66992 | Depths:2 | Aim: an ettin, wielding two +0 dire flails (heavily
                  | wounded, about 9% to evade the +15 lance "Wyrmbane")
 66993 | Depths:2 | Aim: an ettin, wielding two +0 dire flails (severely
                  | wounded, about 9% to evade the +15 lance "Wyrmbane")
 66993 | Depths:2 | Aim: an ettin, wielding two +0 dire flails (severely
                  | wounded, about 9% to evade the +15 lance "Wyrmbane")
 66994 | Depths:2 | Aim: an ettin, wielding two +0 dire flails (severely
                  | wounded, about 9% to evade the +15 lance "Wyrmbane")
 66994 | Depths:2 | Aim: an ettin, wielding two +0 dire flails (severely
                  | wounded, about 9% to evade the +15 lance "Wyrmbane")
 67172 | Depths:2 | Found a hide-covered altar of Uskayaw.
 67511 | Depths:2 | Learned a level 1 spell: Apportation
 67515 | Depths:2 | Identified the +1 hat of Generosity {Rampage Regen+}
 67704 | Depths:2 | Found a gateway to Hell.
 67828 | Depths:2 | Reached skill level 13 in Dodging
 67883 | Depths:2 | Reached XP level 22. HP: 192/206 MP: 40/40
 67983 | Depths:2 | Aim: a spriggan berserker, wielding a +0 war axe and
                  | wearing a +0 animal skin (freezing vapour, lightly wounded,
                  | regenerating, strong-willed, about 32% to evade the +15
                  | lance "Wyrmbane")
 67983 | Depths:2 | Aim: a spriggan berserker, wielding a +0 war axe and
                  | wearing a +0 animal skin (freezing vapour, lightly wounded,
                  | regenerating, strong-willed, about 32% to evade the +15
                  | lance "Wyrmbane")
 67984 | Depths:2 | Aim: a spriggan berserker, wielding a +0 war axe and
                  | wearing a +0 animal skin (freezing vapour, lightly wounded,
                  | regenerating, strong-willed, about 32% to evade the +15
                  | lance "Wyrmbane")
 67984 | Depths:2 | Aim: a spriggan berserker, wielding a +0 war axe and
                  | wearing a +0 animal skin (freezing vapour, lightly wounded,
                  | regenerating, strong-willed, about 32% to evade the +15
                  | lance "Wyrmbane")
 67985 | Depths:2 | Aim: a spriggan berserker, wielding a +0 war axe and
                  | wearing a +0 animal skin (freezing vapour, moderately
                  | wounded, berserk, regenerating, strong-willed, about 32% to
                  | evade the +15 lance "Wyrmbane")
 67985 | Depths:2 | Aim: a spriggan berserker, wielding a +0 war axe and
                  | wearing a +0 animal skin (freezing vapour, moderately
                  | wounded, berserk, regenerating, strong-willed, about 32% to
                  | evade the +15 lance "Wyrmbane")
 67986 | Depths:2 | Aim: a spriggan berserker, wielding a +0 war axe and
                  | wearing a +0 animal skin (freezing vapour, moderately
                  | wounded, berserk, regenerating, strong-willed, about 32% to
                  | evade the +15 lance "Wyrmbane")
 67986 | Depths:2 | Aim: a spriggan berserker, wielding a +0 war axe and
                  | wearing a +0 animal skin (freezing vapour, moderately
                  | wounded, berserk, regenerating, strong-willed, about 32% to
                  | evade the +15 lance "Wyrmbane")
 67987 | Depths:2 | Aim: a spriggan berserker, wielding a +0 war axe and
                  | wearing a +0 animal skin (freezing vapour, heavily wounded,
                  | berserk, regenerating, strong-willed, about 32% to evade
                  | the +15 lance "Wyrmbane")
 67987 | Depths:2 | Aim: a spriggan berserker, wielding a +0 war axe and
                  | wearing a +0 animal skin (freezing vapour, heavily wounded,
                  | berserk, regenerating, strong-willed, about 32% to evade
                  | the +15 lance "Wyrmbane")
 67996 | Depths:2 | Aim: a spriggan air mage, wielding a staff of death and
                  | wearing a +0 robe (moderately wounded, repelling missiles,
                  | about 42% to evade the +15 lance "Wyrmbane")
 67996 | Depths:2 | Aim: a spriggan air mage, wielding a staff of death and
                  | wearing a +0 robe (moderately wounded, repelling missiles,
                  | about 42% to evade the +15 lance "Wyrmbane")
 67997 | Depths:2 | Aim: a spriggan air mage, wielding a staff of death and
                  | wearing a +0 robe (severely wounded, repelling missiles,
                  | about 42% to evade the +15 lance "Wyrmbane")
 67997 | Depths:2 | Aim: a spriggan air mage, wielding a staff of death and
                  | wearing a +0 robe (severely wounded, repelling missiles,
                  | about 42% to evade the +15 lance "Wyrmbane")
 67998 | Depths:2 | Aim: a spriggan air mage, wielding a staff of death and
                  | wearing a +0 robe (severely wounded, repelling missiles,
                  | about 42% to evade the +15 lance "Wyrmbane")
 67998 | Depths:2 | Aim: a spriggan air mage, wielding a staff of death and
                  | wearing a +0 robe (severely wounded, repelling missiles,
                  | about 42% to evade the +15 lance "Wyrmbane")
 68189 | Depths:2 | Noticed a golden dragon
 68202 | Depths:2 | Killed a golden dragon
 68202 | Depths:2 | Identified +0 gold dragon scales
 68226 | Depths:2 | +0 gold dragon scales {rare}; a golden dragon corpse
 68680 | Depths:2 | +0 gold dragon scales {rare}; a golden dragon skeleton
 68696 | Depths:2 | Identified the staff "Vikuduni" {rF+ rCorr Fire Air}
 69029 | Depths:3 | Reached skill level 20 in Fighting
 69129 | Depths:3 | a spriggan air mage comes into view. It is wielding the +9
                  | staff of Olgreb {rPois∞}.
 69131 | Depths:3 | Aim: a spriggan air mage, wielding the +9 staff of Olgreb
                  | {rPois∞} and wearing a +0 robe (repelling missiles)
 69131 | Depths:3 | Aim: a spriggan air mage, wielding the +9 staff of Olgreb
                  | {rPois∞} and wearing a +0 robe (repelling missiles)
 69133 | Depths:3 | Here: a spriggan air mage, wielding the +9 staff of Olgreb
                  | {rPois∞} and wearing a +0 robe (freezing vapour, severely
                  | wounded, repelling missiles)
 69393 | Depths:3 | Noticed a golden dragon
 69410 | Depths:3 | Identified the +7 war axe "Saull" {venom, rC+}
 69442 | Depths:2 | Reached skill level 14 in Dodging
 69451 | Depths:2 | Killed a golden dragon
 69535 | Depths:3 | Noticed a caustic shrike
 69550 | Depths:3 | Killed a caustic shrike
 69569 | Depths:3 | Aim: a fire giant, wielding a +1 great sword of flaming
                  | (about 9% to evade the +18 lance "Wyrmbane")
 69569 | Depths:3 | Aim: a fire giant, wielding a +1 great sword of flaming
                  | (about 9% to evade the +18 lance "Wyrmbane")
 69570 | Depths:3 | Aim: a fire giant, wielding a +1 great sword of flaming
                  | (lightly wounded, ally target, about 9% to evade the +18
                  | lance "Wyrmbane")
 69570 | Depths:3 | Aim: a fire giant, wielding a +1 great sword of flaming
                  | (lightly wounded, ally target, about 9% to evade the +18
                  | lance "Wyrmbane")
 69572 | Depths:3 | Aim: a fire giant, wielding a +1 great sword of flaming
                  | (lightly wounded, about 9% to evade the +18 lance
                  | "Wyrmbane")
 69572 | Depths:3 | Aim: a fire giant, wielding a +1 great sword of flaming
                  | (lightly wounded, about 9% to evade the +18 lance
                  | "Wyrmbane")
 69573 | Depths:3 | Aim: a fire giant, wielding a +1 great sword of flaming
                  | (grey smoke, moderately wounded, about 9% to evade the +18
                  | lance "Wyrmbane")
 69573 | Depths:3 | Aim: a fire giant, wielding a +1 great sword of flaming
                  | (grey smoke, moderately wounded, about 9% to evade the +18
                  | lance "Wyrmbane")
 69574 | Depths:3 | Aim: a fire giant, wielding a +1 great sword of flaming
                  | (heavily wounded, about 9% to evade the +18 lance
                  | "Wyrmbane")
 69574 | Depths:3 | Aim: a fire giant, wielding a +1 great sword of flaming
                  | (heavily wounded, about 9% to evade the +18 lance
                  | "Wyrmbane")
 69575 | Depths:3 | Aim: a fire giant, wielding a +1 great sword of flaming
                  | (heavily wounded, about 9% to evade the +18 lance
                  | "Wyrmbane")
 69575 | Depths:3 | Aim: a fire giant, wielding a +1 great sword of flaming
                  | (heavily wounded, about 9% to evade the +18 lance
                  | "Wyrmbane")
 69576 | Depths:3 | Aim: a fire giant, wielding a +1 great sword of flaming
                  | (heavily wounded, about 9% to evade the +18 lance
                  | "Wyrmbane")
 69576 | Depths:3 | Aim: a fire giant, wielding a +1 great sword of flaming
                  | (heavily wounded, about 9% to evade the +18 lance
                  | "Wyrmbane")
 69577 | Depths:3 | Aim: a fire giant, wielding a +1 great sword of flaming
                  | (severely wounded, about 9% to evade the +18 lance
                  | "Wyrmbane")
 69577 | Depths:3 | Aim: a fire giant, wielding a +1 great sword of flaming
                  | (severely wounded, about 9% to evade the +18 lance
                  | "Wyrmbane")
 69578 | Depths:3 | Aim: a fire giant, wielding a +1 great sword of flaming
                  | (severely wounded, about 9% to evade the +18 lance
                  | "Wyrmbane")
 69578 | Depths:3 | Aim: a fire giant, wielding a +1 great sword of flaming
                  | (severely wounded, about 9% to evade the +18 lance
                  | "Wyrmbane")
 69579 | Depths:3 | Aim: a fire giant, wielding a +1 great sword of flaming
                  | (severely wounded, about 9% to evade the +18 lance
                  | "Wyrmbane")
 69579 | Depths:3 | Aim: a fire giant, wielding a +1 great sword of flaming
                  | (severely wounded, about 9% to evade the +18 lance
                  | "Wyrmbane")
 69580 | Depths:3 | Aim: a fire giant, wielding a +1 great sword of flaming
                  | (almost dead, about 9% to evade the +18 lance "Wyrmbane")
 69580 | Depths:3 | Aim: a fire giant, wielding a +1 great sword of flaming
                  | (almost dead, about 9% to evade the +18 lance "Wyrmbane")
 69581 | Depths:3 | Aim: a fire giant, wielding a +1 great sword of flaming
                  | (almost dead, about 9% to evade the +18 lance "Wyrmbane")
 69581 | Depths:3 | Aim: a fire giant, wielding a +1 great sword of flaming
                  | (almost dead, about 9% to evade the +18 lance "Wyrmbane")
 69582 | Depths:3 | Aim: a fire giant, wielding a +1 great sword of flaming
                  | (almost dead, about 9% to evade the +18 lance "Wyrmbane")
 69582 | Depths:3 | Aim: a fire giant, wielding a +1 great sword of flaming
                  | (almost dead, about 9% to evade the +18 lance "Wyrmbane")
 69710 | Depths:3 | Noticed a caustic shrike
 69731 | Depths:3 | Killed a caustic shrike
 70024 | Depths:3 | Aim: an ettin, wielding two +0 dire flails (heavily
                  | wounded, ally target, about 9% to evade the +18 lance
                  | "Wyrmbane")
 70024 | Depths:3 | Aim: an ettin, wielding two +0 dire flails (heavily
                  | wounded, ally target, about 9% to evade the +18 lance
                  | "Wyrmbane")
 70025 | Depths:3 | Aim: an ettin, wielding two +0 dire flails (heavily
                  | wounded, ally target, about 9% to evade the +18 lance
                  | "Wyrmbane")
 70025 | Depths:3 | Aim: an ettin, wielding two +0 dire flails (heavily
                  | wounded, ally target, about 9% to evade the +18 lance
                  | "Wyrmbane")
 70026 | Depths:3 | Aim: an ettin, wielding two +0 dire flails (almost dead,
                  | ally target, about 9% to evade the +18 lance "Wyrmbane")
 70026 | Depths:3 | Aim: an ettin, wielding two +0 dire flails (almost dead,
                  | ally target, about 9% to evade the +18 lance "Wyrmbane")
 70037 | Depths:3 | Aim: a hell knight, wielding a +4 heavy demon trident and
                  | wearing a +0 plate armour (heavily wounded, ally target,
                  | about 14% to evade the +18 lance "Wyrmbane")
 70037 | Depths:3 | Aim: a hell knight, wielding a +4 heavy demon trident and
                  | wearing a +0 plate armour (heavily wounded, ally target,
                  | about 14% to evade the +18 lance "Wyrmbane")
 70038 | Depths:3 | Aim: a hell knight, wielding a +4 heavy demon trident and
                  | wearing a +0 plate armour (heavily wounded, ally target,
                  | about 14% to evade the +18 lance "Wyrmbane")
 70038 | Depths:3 | Aim: a hell knight, wielding a +4 heavy demon trident and
                  | wearing a +0 plate armour (heavily wounded, ally target,
                  | about 14% to evade the +18 lance "Wyrmbane")
 70039 | Depths:3 | Aim: a hell knight, wielding a +4 heavy demon trident and
                  | wearing a +0 plate armour (heavily wounded, ally target,
                  | about 14% to evade the +18 lance "Wyrmbane")
 70039 | Depths:3 | Aim: a hell knight, wielding a +4 heavy demon trident and
                  | wearing a +0 plate armour (heavily wounded, ally target,
                  | about 14% to evade the +18 lance "Wyrmbane")
 70040 | Depths:3 | Aim: a hell knight, wielding a +4 heavy demon trident and
                  | wearing a +0 plate armour (severely wounded, fast, ally
                  | target, about 14% to evade the +18 lance "Wyrmbane")
 70040 | Depths:3 | Aim: a hell knight, wielding a +4 heavy demon trident and
                  | wearing a +0 plate armour (severely wounded, fast, ally
                  | target, about 14% to evade the +18 lance "Wyrmbane")
 70041 | Depths:3 | Aim: a hell knight, wielding a +4 heavy demon trident and
                  | wearing a +0 plate armour (severely wounded, fast, ally
                  | target, about 14% to evade the +18 lance "Wyrmbane")
 70041 | Depths:3 | Aim: a hell knight, wielding a +4 heavy demon trident and
                  | wearing a +0 plate armour (severely wounded, fast, ally
                  | target, about 14% to evade the +18 lance "Wyrmbane")
 70042 | Depths:3 | Aim: a hell knight, wielding a +4 heavy demon trident and
                  | wearing a +0 plate armour (severely wounded, fast, ally
                  | target, about 14% to evade the +18 lance "Wyrmbane")
 70042 | Depths:3 | Aim: a hell knight, wielding a +4 heavy demon trident and
                  | wearing a +0 plate armour (severely wounded, fast, ally
                  | target, about 14% to evade the +18 lance "Wyrmbane")
 70043 | Depths:3 | Aim: a hell knight, wielding a +4 heavy demon trident and
                  | wearing a +0 plate armour (almost dead, fast, ally target,
                  | about 14% to evade the +18 lance "Wyrmbane")
 70043 | Depths:3 | Aim: a hell knight, wielding a +4 heavy demon trident and
                  | wearing a +0 plate armour (almost dead, fast, ally target,
                  | about 14% to evade the +18 lance "Wyrmbane")
 70098 | Depths:3 | Identified the +3 leather armour "Huroqul" {rElec rC+
                  | Str+2}
 70158 | Depths:3 | Found Syxues's Armour Shoppe.
 70419 | Depths:3 | Reached skill level 21 in Fighting
 70668 | Depths:3 | Found Plog's General Store.
 70674 | Depths:3 | Bought a scroll of blinking for 165 gold pieces
 70674 | Depths:3 | Bought a scroll of enchant armour for 165 gold pieces
 71218 | Depths:4 | Entered Level 4 of the Depths
 71341 | Depths:4 | Reached skill level 15 in Dodging
 71767 | Depths:4 | Reached skill level 22 in Fighting
 72000 | Depths:4 | Aim: a spriggan berserker, wielding a +0 antimagic hand axe
                  | and wearing a +0 animal skin (poison gas, lightly wounded,
                  | berserk, regenerating, strong-willed, poisoned, about 30%
                  | to evade the +18 lance "Wyrmbane")
 72000 | Depths:4 | Aim: a spriggan berserker, wielding a +0 antimagic hand axe
                  | and wearing a +0 animal skin (poison gas, lightly wounded,
                  | berserk, regenerating, strong-willed, poisoned, about 30%
                  | to evade the +18 lance "Wyrmbane")
 72001 | Depths:4 | Aim: a spriggan berserker, wielding a +0 antimagic hand axe
                  | and wearing a +0 animal skin (poison gas, lightly wounded,
                  | berserk, regenerating, strong-willed, poisoned, about 30%
                  | to evade the +18 lance "Wyrmbane")
 72001 | Depths:4 | Aim: a spriggan berserker, wielding a +0 antimagic hand axe
                  | and wearing a +0 animal skin (poison gas, lightly wounded,
                  | berserk, regenerating, strong-willed, poisoned, about 30%
                  | to evade the +18 lance "Wyrmbane")
 72002 | Depths:4 | Aim: a spriggan berserker, wielding a +0 antimagic hand axe
                  | and wearing a +0 animal skin (berserk, regenerating,
                  | strong-willed, very poisoned, about 30% to evade the +18
                  | lance "Wyrmbane")
 72002 | Depths:4 | Aim: a spriggan berserker, wielding a +0 antimagic hand axe
                  | and wearing a +0 animal skin (berserk, regenerating,
                  | strong-willed, very poisoned, about 30% to evade the +18
                  | lance "Wyrmbane")
 72003 | Depths:4 | Aim: a spriggan berserker, wielding a +0 antimagic hand axe
                  | and wearing a +0 animal skin (berserk, regenerating,
                  | strong-willed, very poisoned, about 30% to evade the +18
                  | lance "Wyrmbane")
 72003 | Depths:4 | Aim: a spriggan berserker, wielding a +0 antimagic hand axe
                  | and wearing a +0 animal skin (berserk, regenerating,
                  | strong-willed, very poisoned, about 30% to evade the +18
                  | lance "Wyrmbane")
 72010 | Depths:4 | Aim: a spriggan berserker, wielding a +0 antimagic hand axe
                  | and wearing a +0 animal skin (berserk, regenerating,
                  | strong-willed, very poisoned, ally target, about 30% to
                  | evade the +18 lance "Wyrmbane")
 72010 | Depths:4 | Aim: a spriggan berserker, wielding a +0 antimagic hand axe
                  | and wearing a +0 animal skin (berserk, regenerating,
                  | strong-willed, very poisoned, ally target, about 30% to
                  | evade the +18 lance "Wyrmbane")
 72337 | Depths:4 | Noticed a golden dragon
 72349 | Depths:4 | Killed a golden dragon
 72376 | Depths:4 | Found a one-way gateway to a ziggurat.
 72632 | Depths:4 | Noticed a golden dragon
 72644 | Depths:4 | Killed a golden dragon
 72724 | Depths:4 | Found a gate to the Realm of Zot.
 72953 | Zot:1    | Entered Level 1 of the Realm of Zot
 72971 | Zot:1    | Aim: a purple draconian, wielding a +0 battleaxe (freezing
                  | vapour, severely wounded, slow, about 18% to evade the +18
                  | lance "Wyrmbane")
 72971 | Zot:1    | Aim: a purple draconian, wielding a +0 battleaxe (freezing
                  | vapour, severely wounded, slow, about 18% to evade the +18
                  | lance "Wyrmbane")
 72972 | Zot:1    | Reached XP level 23. HP: 133/225 MP: 20/41
 72974 | Zot:1    | Aim: a white draconian, wielding a +0 halberd (severely
                  | wounded, extremely poisoned, catching its breath, about 18%
                  | to evade the +18 lance "Wyrmbane")
 72974 | Zot:1    | Aim: a white draconian, wielding a +0 halberd (severely
                  | wounded, extremely poisoned, catching its breath, about 18%
                  | to evade the +18 lance "Wyrmbane")
 72975 | Zot:1    | Aim: a white draconian, wielding a +0 halberd (severely
                  | wounded, extremely poisoned, catching its breath, about 18%
                  | to evade the +18 lance "Wyrmbane")
 72975 | Zot:1    | Aim: a white draconian, wielding a +0 halberd (severely
                  | wounded, extremely poisoned, catching its breath, about 18%
                  | to evade the +18 lance "Wyrmbane")
 72976 | Zot:1    | Aim: a purple draconian shifter, wielding a +0 dagger and
                  | wearing a +0 cloak (severely wounded, extremely poisoned,
                  | about 27% to evade the +18 lance "Wyrmbane")
 72976 | Zot:1    | Aim: a purple draconian shifter, wielding a +0 dagger and
                  | wearing a +0 cloak (severely wounded, extremely poisoned,
                  | about 27% to evade the +18 lance "Wyrmbane")
 72977 | Zot:1    | Aim: a purple draconian shifter, wielding a +0 dagger and
                  | wearing a +0 cloak (almost dead, extremely poisoned, about
                  | 27% to evade the +18 lance "Wyrmbane")
 72977 | Zot:1    | Aim: a purple draconian shifter, wielding a +0 dagger and
                  | wearing a +0 cloak (almost dead, extremely poisoned, about
                  | 27% to evade the +18 lance "Wyrmbane")
 73402 | D:14     | Learned a level 6 spell: Dispersal
 73535 | D:14     | Killed Jow Cuco's ghost
 73811 | Zot:1    | Reached skill level 23 in Fighting
 74150 | Zot:1    | Identified +0 gold dragon scales
 74192 | Zot:1    | Reached skill level 16 in Dodging
 74200 | Zot:1    | Reached skill level 11 in Translocations
 74205 | Zot:1    | Identified +0 gold dragon scales
 74566 | Zot:1    | Reached skill level 12 in Translocations
 74573 | Zot:1    | Noticed an orb of fire
 74575 | Zot:1    | Gained mutation: You are dopey. (Int -2) [an orb of fire]
 74590 | Zot:1    | Gained mutation: You are frail. (-10% HP) [an orb of fire]
 74607 | Zot:1    | HP: 36/203 [orb of fire/bolt of fire (41)]
 74612 | Zot:1    | Killed an orb of fire
 74940 | Zot:1    | You add the spells Sublimation of Blood and Ozocubu's
                  | Armour to your library.
 74940 | Zot:1    | Got the Volume of Cold Lamentation
 74957 | Zot:1    | Lost mutation: You expend magic power (3 MP) to strengthen
                  | your wands. [potion of mutation]
 74957 | Zot:1    | Lost mutation: You are dopey. (Int -2) [potion of mutation]
 74957 | Zot:1    | Lost mutation: You are somewhat resistant to further
                  | mutation. [potion of mutation]
 74957 | Zot:1    | Gained mutation: You are agile. (Dex +4, Str/Int -1)
                  | [potion of mutation]
 74958 | Zot:1    | Lost mutation: You are agile. (Dex +4, Str/Int -1) [potion
                  | of mutation]
 74958 | Zot:1    | Lost mutation: You are frail. (-10% HP) [potion of
                  | mutation]
 74958 | Zot:1    | Gained mutation: Your mind is acute. (Int +4, Str/Dex -1)
                  | [potion of mutation]
 74958 | Zot:1    | Gained mutation: You have an increased reservoir of magic.
                  | (+10% MP) [potion of mutation]
 74958 | Zot:1    | Gained mutation: You possess an exceptional clarity of
                  | mind. [potion of mutation]
 74958 | Zot:1    | Gained mutation: You expend magic power (3 MP) to
                  | strengthen your wands. [potion of mutation]
 74959 | Zot:1    | magus.rc [v1.9.6]
 74995 | Zot:2    | Identified +8 gold dragon scales
 74995 | Zot:2    | Noticed Parghit
 75281 | Zot:3    | Reached skill level 24 in Fighting
 75359 | Zot:4    | magus.rc [v1.9.6]
 75436 | Zot:4    | +0 shadow dragon scales {rare}; a shadow dragon corpse
 75451 | Zot:4    | +0 shadow dragon scales {rare}; a shadow dragon corpse
 75474 | Zot:4    | +0 shadow dragon scales {rare}; a shadow dragon corpse
 75492 | Zot:4    | +0 shadow dragon scales {rare}; a shadow dragon corpse
 75524 | Zot:4    | Identified +0 gold dragon scales
 75528 | Zot:4    | Noticed an orb of fire
 75533 | Zot:4    | Gained mutation: Your tail ends in a venomous barb. [an orb
                  | of fire]
 75550 | Zot:4    | Gained mutation: Your body sometimes deteriorates upon
                  | taking damage. [an orb of fire]
 75556 | Zot:4    | HP: 72/309 [orb of fire/bolt of fire (19)]
 75562 | Zot:4    | Gained mutation: You occasionally shout uncontrollably at
                  | your foes. [an orb of fire]
 75572 | Zot:4    | Killed an orb of fire
 75573 | Zot:4    | Reached skill level 17 in Invocations
 75764 | Zot:4    | +0 gold dragon scales {rare}; a golden dragon corpse
 75768 | Zot:4    | +0 gold dragon scales {rare}; a golden dragon corpse
 75947 | Zot:4    | +0 gold dragon scales {rare}; a golden dragon skeleton
 75950 | Zot:4    | +0 shadow dragon scales {rare}; a shadow dragon skeleton
 75966 | Zot:4    | +0 storm dragon scales {rare}; a storm dragon skeleton
 75980 | Zot:4    | +0 storm dragon scales {rare}; a storm dragon skeleton
 75983 | Zot:4    | +0 shadow dragon scales {rare}; a shadow dragon skeleton
 75986 | Zot:4    | +0 gold dragon scales {rare}; a golden dragon skeleton
 76098 | Zot:4    | +0 gold dragon scales {rare}; a golden dragon skeleton
 76101 | Zot:4    | +0 shadow dragon scales {rare}; a shadow dragon skeleton
 76162 | Zot:5    | Entered Level 5 of the Realm of Zot
 76162 | Zot:5    | Noticed a curse toe
 76406 | Zot:5    | Reached skill level 18 in Invocations
 76418 | Zot:5    | Noticed an ancient lich
 76469 | Zot:5    | Killed an ancient lich
 76603 | Zot:5    | Noticed a Killer Klown
 76630 | Zot:5    | Killed a Killer Klown
 76689 | Zot:5    | Aim: a yellow draconian annihilator, wielding a +0 short
                  | sword and wearing a +0 cloak (heavily wounded, slow, about
                  | 18% to evade the +18 lance "Wyrmbane")
 76689 | Zot:5    | Aim: a yellow draconian annihilator, wielding a +0 short
                  | sword and wearing a +0 cloak (heavily wounded, slow, about
                  | 18% to evade the +18 lance "Wyrmbane")
 76690 | Zot:5    | Aim: a yellow draconian annihilator, wielding a +0 short
                  | sword and wearing a +0 cloak (heavily wounded, slow, about
                  | 18% to evade the +18 lance "Wyrmbane")
 76690 | Zot:5    | Aim: a yellow draconian annihilator, wielding a +0 short
                  | sword and wearing a +0 cloak (heavily wounded, slow, about
                  | 18% to evade the +18 lance "Wyrmbane")
 76691 | Zot:5    | Aim: a yellow draconian annihilator, wielding a +0 short
                  | sword and wearing a +0 cloak (almost dead, slow, about 18%
                  | to evade the +18 lance "Wyrmbane")
 76691 | Zot:5    | Aim: a yellow draconian annihilator, wielding a +0 short
                  | sword and wearing a +0 cloak (almost dead, slow, about 18%
                  | to evade the +18 lance "Wyrmbane")
 76775 | Zot:5    | Noticed an orb of fire
 76779 | Zot:5    | Gained mutation: You occasionally lose the ability to drink
                  | potions when taking damage. [an orb of fire]
 76796 | Zot:5    | Killed an orb of fire
 76797 | Zot:5    | Reached skill level 19 in Invocations
 76798 | Zot:5    | Lost mutation: You occasionally lose the ability to drink
                  | potions when taking damage. [potion of mutation]
 76798 | Zot:5    | Lost mutation: You have sharp toenails. [potion of
                  | mutation]
 76798 | Zot:5    | Lost mutation: Your tail ends in a venomous barb. [potion
                  | of mutation]
 76798 | Zot:5    | Gained mutation: Your body often deteriorates upon taking
                  | damage. [potion of mutation]
 76798 | Zot:5    | Gained mutation: You have hidden genetic potential. [potion
                  | of mutation]
 76799 | Zot:5    | Noticed a dread lich
 76818 | Zot:5    | Killed a dread lich
 76822 | Zot:5    | Noticed a Killer Klown
 76825 | Zot:5    | Noticed a dread lich
 76826 | Zot:5    | Noticed a Killer Klown
 76836 | Zot:5    | Pacified a Killer Klown
 76837 | Zot:5    | Reached XP level 24. HP: 228/238 MP: 42/45
 76861 | Zot:5    | Pacified a Killer Klown
 76864 | Zot:5    | Killed a dread lich
 76917 | Zot:5    | Noticed an electric golem
 76947 | Zot:5    | Killed an electric golem
 76948 | Zot:5    | Noticed an ancient lich
 76969 | Zot:5    | Reached skill level 20 in Invocations
 76983 | Zot:5    | Killed an ancient lich
 77209 | Zot:5    | Noticed an electric golem
 77237 | Zot:5    | Killed an electric golem
 77332 | Zot:5    | Noticed a Killer Klown
 77340 | Zot:5    | Aim: a Killer Klown, wielding a +12 club of venom (about
                  | 25% to evade the +18 lance "Wyrmbane")
 77340 | Zot:5    | Aim: a Killer Klown, wielding a +12 club of venom (about
                  | 25% to evade the +18 lance "Wyrmbane")
 77341 | Zot:5    | Noticed an orb of fire
 77349 | Zot:5    | Gained mutation: You are clumsy. (Dex -2) [an orb of fire]
 77356 | Zot:5    | Gained mutation: You are occasionally teleported next to
                  | monsters. [an orb of fire]
 77368 | Zot:5    | Got the Orb of Zot
 77368 | Zot:5    | HP: 59/238 [Orb Guardian (18)]
 77581 | Depths:4 | Noticed Mihaen the pandemonium lord
 77700 | D:15     | Noticed Oggudah the pandemonium lord
 77798 | D:12     | Noticed Pejein Tyokh the pandemonium lord
 77905 | D:6      | Noticed Tara Ura the pandemonium lord
 77905 | D:6      | Noticed an ancient lich
 77939 | D:4      | Noticed Diotyas the pandemonium lord
 78003 | D:$      | Escaped with the Orb!

Vanquished Creatures
  A dread lich (Zot:5)
  2 orbs of fire
  2 ancient liches (Zot:5)
  Xtahua (Vaults:3)
  A juggernaut (Abyss:4)
  Nikola (Snake:4)
  A caustic shrike (Depths:3)
  9 golden dragons
  2 bone dragons
  2 electric golems (Zot:5)
  12 Orb Guardians (Zot:5)
  3 liches
  9 tentacled monstrosities
  A deep elf blademaster (Elf:3)
  Asterion (Depths:1)
  A deep elf master archer (Elf:3)
  8 quicksilver dragons
  Polyphemus (Shoals:4)
  2 sphinxes
  A kraken (Shoals:4)
  Frances (D:14)
  A tentacled starspawn (Abyss:4)
  3 death cobs
  Kirke (Shoals:1)
  2 tengu reavers
  4 shadow dragons
  3 protean progenitors
  Aizul (Snake:1)
  4 storm dragons
  2 azure jellies (Depths:1)
  Ilsuiw (Shoals:3)
  2 draconian monks
  10 fire giants
  A balrug (Depths:2)
  10 deep elf sorcerers
  5 frost giants
  3 draconian shifters
  A draconian knight (Zot:3)
  2 ghost moths
  A deep elf elementalist (Elf:3)
  2 vault wardens (Vaults:3)
  The ghost of Jow Cuco the Marksgoblin, an adept CoHu of Okawaru (D:14)
  2 orc warlords
  An angel (Abyss:4)
  9 ironbound preservers
  A draconian annihilator (Zot:5)
  A spriggan defender (Depths:3)
  9 stone giants
  A formless jellyfish (Vaults:1)
  15 very ugly things
  2 ophanim (Abyss:4)
  3 black draconians
  4 green draconians
  2 vampire knights
  Nessos (D:15)
  3 deep elf demonologists
  3 deep elf annihilators (Elf:3)
  2 deep elf death magi (Elf:3)
  9 purple draconians
  2 yellow draconians
  3 red draconians
  7 spark wasps
  A war gargoyle (Vaults:3)
  Azrael (D:12)
  An eidolon (Depths:1)
  A minotaur (Gauntlet)
  A blizzard demon (Depths:1)
  6 white draconians
  8 ettins
  2 merfolk javelineers (Shoals:4)
  A jiangshi (Depths:2)
  5 fire dragons
  2 deep elf high priests (Elf:3)
  5 merfolk impalers
  An entropy weaver (shapeshifter) (D:15)
  3 nameless horrors
  2 entropy weavers
  4 great orbs of eyes
  11 ice dragons
  2 yaktaur captains
  Erolcha (D:9)
  A hell beast (Depths:2)
  A caustic shrike simulacrum (Depths:1)
  3 rakshasas
  5 hydras
  A vault guard (D:13)
  3 ironbound frosthearts
  A salamander tyrant (Snake:4)
  An ogre mage (Vaults:2)
  2 alligators (Zot:4)
  9 spriggan air magi
  A catoblepas (Shoals:4)
  2 alligator snapping turtles (Shoals:1)
  3 anacondas
  8 two-headed ogres
  9 centaur warriors
  6 dancing weapons
  2 merfolk avatars (Shoals:2)
  A two-headed ogre (shapeshifter) (Depths:3)
  7 death yaks
  8 merfolk aquamancers
  4 satyrs (Shoals:4)
  A death knight (D:10)
  3 deep troll shamans
  A tengu warrior (Depths:2)
  7 deep troll earth magi
  2 occultists (Depths:4)
  9 naga warriors
  4 thrashing horrors (Abyss:4)
  A shock serpent (shapeshifter) (Depths:3)
  4 orc high priests
  Urug (Lair:3)
  7 spriggan berserkers
  7 naga sharpshooters
  3 shock serpents
  12 deep elf knights
  4 soul eaters
  A skyshark (Shoals:3)
  7 iron trolls
  A spatial maelstrom (Abyss:4)
  40 deep trolls
  3 salamander mystics
  11 sea snakes
  2 glowing orange brains
  A flayed ghost (Vaults:3)
  13 deep elf archers
  2 naga ritualists (Snake:4)
  3 phantasmal warriors
  5 arcanists
  7 ironbound convokers
  6 harpies
  An obsidian bat (Abyss:4)
  A thermic dynamo (D:14)
  A golden dragon skeleton (Abyss:4)
  An obsidian statue (Vaults:3)
  25 deep elf pyromancers
  4 necromancers
  11 orc knights
  8 lindwurms
  25 deep elf zephyrmancers
  A wolf spider (Gauntlet)
  33 ugly things
  A fire giant zombie (Vaults:4)
  5 orc sorcerers (Orc:2)
  8 moths of wrath
  2 worldbinders
  10 salamanders
  11 cyclopes
  10 large abominations
  19 manticores
  A black mamba (shapeshifter) (Elf:3)
  23 fauns
  4 vault sentinels
  5 merfolk sirens
  12 meliai
  5 guardian serpents
  3 elephants (Gauntlet)
  9 water nymphs
  An orange demon (D:12)
  9 naga magi
  22 black mambas
  5 torpor snails (Lair:5)
  9 cane toads
  2 smoke demons (Abyss:4)
  4 rime drakes
  A hellion (D:15)
  2 gargoyles (D:10)
  4 kobold demonologists
  2 human zombies
  4 unseen horrors
  4 freezing wraiths (Depths:2)
  6 komodo dragons
  A bunyip simulacrum (Depths:1)
  A golden dragon simulacrum (Depths:1)
  6 yaktaurs
  2 ice devils (Depths:2)
  2 tengu conjurers (Depths:1)
  2 ancient zymes (Abyss:4)
  A yaktaur skeleton (Vaults:3)
  A queen bee (shapeshifter) (D:15)
  8 trolls
  3 glass eyes
  23 merfolk
  9 hornets
  A raiju (Abyss:3)
  3 wind drakes
  A glass eye (shapeshifter) (Depths:4)
  4 tyrant leeches (Lair:5)
  17 dream sheep
  An ettin zombie (Vaults:3)
  12 blink frogs
  10 snapping turtles
  An ettin skeleton (Vaults:3)
  50 slime creatures
  2 human simulacra (Vaults:3)
  3 jumping spiders
  A shadow (D:10)
  3 spriggans (D:14)
  2 wraiths
  An elf skeleton (Vaults:3)
  A vampire (D:10)
  4 small abominations
  2 wyverns
  11 water elementals
  A ynoxinul (Abyss:3)
  44 yaks
  3 fire bats (D:14)
  A hog (Shoals:1)
  A steam dragon (D:6)
  3 fire elementals
  5 basilisks
  14 vampire mosquitoes
  A neqoxec (Abyss:2)
  13 wargs
  A glowing shapeshifter zombie (Vaults:3)
  3 chaos spawn
  A swamp worm (shapeshifter) (D:15)
  28 nagas
  A spatial vortex (Depths:1)
  6 acid dragons
  A hydra simulacrum (Depths:1)
  5 hell hounds
  20 water moccasins
  24 orc warriors
  12 laughing skulls
  A black bear (D:14)
  A fire dragon simulacrum (Depths:1)
  3 boggarts
  5 ogres
  An ogre (shapeshifter) (Depths:1)
  A tengu (shapeshifter) (Depths:1)
  12 wolves
  7 centaurs
  7 kobold brigands
  A weeping skull (Abyss:3)
  A brain worm (shapeshifter) (D:13)
  2 gnoll sergeants (D:10)
  10 bullfrogs
  10 scorpions
  A human skeleton (Vaults:4)
  A deep troll simulacrum (Depths:1)
  5 wights (D:9)
  16 killer bees
  2 snapping turtle simulacra (Depths:1)
  2 electric eels (D:12)
  A howler monkey (D:9)
  3 centaur zombies (Ossuary)
  A bombardier beetle (D:6)
  2 lava snakes (D:14)
  4 hounds
  20 orc priests
  3 jellies (Lair:4)
  2 gnoll boudas (D:9)
  3 sleepcaps
  An iguana (D:10)
  4 scorpion zombies (Ossuary)
  30 orc wizards
  3 mummies (Ossuary)
  Robin (D:4)
  6 adders
  14 gnolls
  A shadow imp (D:6)
  3 white imps
  2 adder zombies (Ossuary)
  2 dart slugs
  70 orcs
  8 ball pythons
  5 bats
  10 endoplasms
  5 giant cockroaches
  19 goblins
  8 hobgoblins
  7 jackals
  2 quokkas
  4 ball python zombies (Ossuary)
  2 frilled lizards
  2 gnoll zombies (Ossuary)
  A jackal zombie (D:3)
  40 kobolds
  3 orc zombies (Ossuary)
  A quokka zombie (D:3)
  6 rats
  6 snaplasher vines
  3 tentacles (Shoals:4)
1594 creatures vanquished.

Vanquished Creatures (collateral kills)
  An orb of fire (Zot:5)
  A Killer Klown (Zot:5)
  Bai Suzhen (Snake:3)
  A caustic shrike (Depths:3)
  2 golden dragons
  Zenata (Vaults:4)
  2 Orb Guardians (Zot:5)
  2 tentacled monstrosities
  3 liches
  A deep elf blademaster (Elf:3)
  The ghost of Plog the Tortoise, an adept AtMo of Okawaru (Vaults:3)
  2 storm dragons
  2 nagarajas (Snake:4)
  3 fire giants
  A deep elf sorcerer (Elf:3)
  A ghost moth (Zot:1)
  4 vault wardens (Vaults:2)
  A formless jellyfish (Vaults:3)
  6 ironbound preservers
  A vampire knight (Depths:4)
  3 ironbound thunderhulks (Vaults:2)
  2 stone giants
  2 deep elf death magi (Elf:3)
  2 deep elf demonologists
  A deep elf annihilator (Elf:3)
  A spark wasp (Depths:2)
  A blizzard demon (Depths:2)
  A fire dragon (Depths:1)
  2 crystal guardians (Vaults:3)
  A green death (Abyss:4)
  A yaktaur captain (Vaults:3)
  A jiangshi (Depths:2)
  2 ettins (Depths:2)
  3 great orbs of eyes
  A deep elf high priest (Elf:3)
  An ice dragon (Depths:2)
  3 salamander tyrants (Snake:4)
  A rakshasa (Depths:2)
  2 peacekeepers (Vaults:3)
  A merfolk avatar (Shoals:4)
  An ironbound frostheart (Vaults:4)
  An anaconda (Snake:3)
  2 centaur warriors (Vaults:3)
  10 dancing weapons
  A boulder beetle (Vaults:1)
  A deep troll shaman (Depths:3)
  A vampire mage (Depths:2)
  A hell hog (Abyss:4)
  8 naga sharpshooters
  A deep troll earth mage (Vaults:3)
  A spriggan berserker (Depths:4)
  A hell knight (Depths:3)
  A soul eater (Depths:1)
  A naga warrior (Snake:2)
  3 shock serpents
  A deep elf knight (Elf:3)
  A salamander mystic (Snake:3)
  A sun demon (Depths:1)
  A sea snake (Shoals:1)
  9 deep trolls
  5 mana vipers
  A flayed ghost (Abyss:4)
  2 arcanists (Vaults:2)
  2 deep elf archers
  4 ironbound convokers
  A necromancer (Vaults:3)
  3 naga ritualists
  2 harpies (Shoals:3)
  4 deep elf pyromancers
  10 deep elf zephyrmancers
  3 ugly things (Vaults:2)
  A frost giant skeleton (Vaults:3)
  7 salamanders
  A faun (Shoals:4)
  10 naga magi
  6 black mambas
  2 merfolk sirens (Shoals:3)
  4 vault sentinels
  4 guardian serpents
  3 large abominations
  An elf skeleton (Vaults:4)
  A yaktaur (Vaults:2)
  2 ancient zymes (Abyss:4)
  3 merfolk
  A human skeleton (Vaults:4)
  A snapping turtle (Shoals:4)
  A blink frog (Depths:1)
  5 slime creatures
  2 air elementals (Elf:1)
  3 water elementals (Shoals:4)
  A ynoxinul (Abyss:4)
  A fire elemental (Elf:1)
  3 hogs (Shoals:1)
  A chaos spawn (Depths:2)
  A small abomination (Depths:2)
  25 nagas
  An orc warrior (Vaults:1)
  3 laughing skulls (Abyss:4)
  An earth elemental (Elf:3)
  A human simulacrum (Vaults:3)
  3 orcs (Vaults:1)
252 creatures vanquished.

Vanquished Creatures (others)
  A dread lich (Zot:5)
  A golden dragon (Zot:1)
  2 Orb Guardians (Zot:5)
  A sphinx (Depths:1)
  2 storm dragons
  A frost giant (Depths:3)
  A deep elf sorcerer (Elf:3)
  A draconian scorcher (Zot:5)
  2 deep elf elementalists (Elf:3)
  A deep elf death mage (Elf:3)
  A vampire knight (Depths:4)
  A deep elf annihilator (Elf:3)
  A salamander tyrant (Snake:4)
  A two-headed ogre (D:13)
  2 deep elf knights
  A naga ritualist (Snake:3)
  An ugly thing (D:14)
  A deep elf zephyrmancer (Elf:1)
  A deep elf pyromancer (Depths:1)
  2 moths of wrath
  A salamander (Snake:3)
  2 black mambas
  3 naga magi
  A merfolk (Shoals:3)
  A blink frog (shapeshifter) (Abyss:2)
  3 humans (Shoals:1)
  32 snaplasher vines
  6 tentacles (Shoals:4)
74 creatures vanquished.

Grand Total: 1920 creatures vanquished

Table legend:
 A = Non-vault XP
 B = Vault XP
 C = Vault XP percentage of total XP
 D = Non-vault monster count
 E = Vault monster count
 F = Vault count percentage of total count
                 A         B        C        D         E       F
            +---------+---------+-------+---------+---------+-------
      Total |  571384 |  404523 |  41.5 |    1181 |     661 |  35.9
            +---------+---------+-------+---------+---------+-------
        D:1 |      38 |       0 |   0.0 |      23 |       0 |   0.0
        D:2 |      71 |       0 |   0.0 |      24 |       0 |   0.0
        D:3 |      20 |      11 |  35.5 |      11 |       8 |  42.1
        D:4 |     166 |      36 |  17.8 |      17 |      11 |  39.3
        D:5 |     560 |       0 |   0.0 |      12 |       0 |   0.0
        D:6 |     741 |     148 |  16.6 |      17 |       6 |  26.1
        D:7 |     725 |     126 |  14.8 |      11 |      21 |  65.6
        D:8 |     845 |       0 |   0.0 |      23 |       0 |   0.0
        D:9 |    1751 |     871 |  33.2 |      28 |       1 |   3.4
       D:10 |    3886 |   11536 |  74.8 |      21 |      32 |  60.4
       D:11 |    2473 |       0 |   0.0 |      19 |       0 |   0.0
       D:12 |    5425 |    1789 |  24.8 |      16 |       6 |  27.3
       D:13 |    7480 |    1598 |  17.6 |      26 |       2 |   7.1
       D:14 |   14967 |    5265 |  26.0 |      31 |      15 |  32.6
       D:15 |   13168 |    5679 |  30.1 |      35 |       8 |  18.6
     Lair:1 |    4949 |    4244 |  46.2 |      21 |       6 |  22.2
     Lair:2 |    5144 |     904 |  14.9 |      21 |       3 |  12.5
     Lair:3 |    7469 |    1277 |  14.6 |      27 |       4 |  12.9
     Lair:4 |    4967 |     364 |   6.8 |      20 |       4 |  16.7
     Lair:5 |    7768 |    7415 |  48.8 |      32 |      19 |  37.3
   Shoals:1 |    9090 |    3617 |  28.5 |      21 |       8 |  27.6
   Shoals:2 |   12391 |    8304 |  40.1 |      22 |      16 |  42.1
   Shoals:3 |   16445 |    3032 |  15.6 |      32 |       5 |  13.5
   Shoals:4 |   11037 |   20351 |  64.8 |      24 |      33 |  57.9
    Snake:1 |   11908 |    1388 |  10.4 |      26 |       1 |   3.7
    Snake:2 |   21118 |    2408 |  10.2 |      47 |       7 |  13.0
    Snake:3 |   16578 |    4229 |  20.3 |      34 |       5 |  12.8
    Snake:4 |   15679 |   16215 |  50.8 |      33 |      22 |  40.0
      Orc:1 |    1428 |       0 |   0.0 |      25 |       0 |   0.0
      Orc:2 |    2336 |    7975 |  77.3 |      19 |      62 |  76.5
      Elf:1 |   22126 |   12615 |  36.3 |      36 |      20 |  35.7
      Elf:2 |   13555 |    2825 |  17.2 |      20 |       4 |  16.7
      Elf:3 |   19121 |   31214 |  62.0 |      36 |      28 |  43.8
   Vaults:1 |   18402 |   13033 |  41.5 |      27 |      37 |  57.8
   Vaults:2 |   22749 |   19098 |  45.6 |      46 |      25 |  35.2
   Vaults:3 |   28591 |   35689 |  55.5 |      44 |      40 |  47.6
   Vaults:4 |   10176 |    8754 |  46.2 |      12 |      13 |  52.0
   Depths:1 |    9045 |   17923 |  66.5 |      12 |      32 |  72.7
   Depths:2 |   30125 |   48776 |  61.8 |      33 |      59 |  64.1
   Depths:3 |   34780 |   23687 |  40.5 |      36 |      18 |  33.3
   Depths:4 |   30321 |   13000 |  30.0 |      31 |      11 |  26.2
      Zot:1 |   50149 |       0 |   0.0 |      40 |       0 |   0.0
      Zot:3 |    8731 |       0 |   0.0 |       7 |       0 |   0.0
      Zot:4 |   27659 |       0 |   0.0 |      19 |       0 |   0.0
      Zot:5 |   20331 |   53409 |  72.4 |      14 |      23 |  62.2
    Abyss:2 |     552 |       0 |   0.0 |       3 |       0 |   0.0
    Abyss:3 |    8125 |       0 |   0.0 |      11 |       0 |   0.0
    Abyss:4 |   16223 |    9753 |  37.5 |      36 |       7 |  16.3
    Ossuary |       0 |     965 | 100.0 |       0 |      28 | 100.0
   Gauntlet |       0 |    5000 | 100.0 |       0 |      11 | 100.0
            +---------+---------+-------+---------+---------+-------

Skill      XL: |  1  2  3  4  5  6  7  8  9 10 11 12 13 14 15 16 17 18 19 20 21 22 23 24 |
---------------+-------------------------------------------------------------------------+-----
Alchemy        | 4 6 8 10 12 | 12.0
Fighting       | 5 6 7 8 10 12 13 14 15 16 19 22 24 | 24.0
Dodging        | 2 4 5 6 8 10 12 13 15 16 | 16.0
Invocations    | 1 2 6 9 10 12 13 14 16 19 20 | 20.9
Fire Magic     | 3 5 8 |  8.0
Spellcasting   | 5 6 8 10 12 13 14 | 14.0
Conjurations   | 2 3 7 |  7.0
Air Magic      | 1 3 5 6 |  6.0
Evocations     | 4 8 10 | 10.0
Maces & Flails | 6 |  6.0
Translocations | 5 7 10 12 | 12.0
Summonings     | 5 7 10 11 | 11.6
Shields        | 8 |  8.0
Hexes          | 6 |  6.0
Polearms       | 3 12 | 12.0
Ice Magic      | 4 6 |  6.0
Stealth        | |  1.7

Action                     |  1- 3 |  4- 6 |  7- 9 | 10-12 | 13-15 | 16-18 | 19-21 | 22-24 || total
---------------------------+-------+-------+-------+-------+-------+-------+-------+-------++-------
  Melee: Staff             |    61 |   211 |   101 |       |       |       |       |       ||   373
         Unarmed           |     2 |       |       |       |       |       |       |       ||     2
         Tailslap          |     6 |    55 |    48 |    33 |   158 |   127 |   475 |   378 ||  1280
         Flail             |       |       |    79 |       |       |       |       |       ||    79
         Short sword       |       |       |    58 |       |       |       |       |       ||    58
         Morningstar       |       |       |       |   189 |   686 |   663 |   134 |       ||  1672
         Lance             |       |       |       |       |       |       |  1899 |  1683 ||  3582
  Throw: Dart              |       |       |       |     3 |     1 |       |       |       ||     4
   Cast: Sting             |    49 |    36 |       |       |       |       |       |       ||    85
         Olgreb's Toxic Ra |       |     5 |    27 |    45 |   100 |   106 |    37 |       ||   320
         Sticky Flame      |       |       |    21 |    48 |   157 |    45 |     1 |       ||   272
         Mephitic Cloud    |       |       |       |     3 |     8 |       |       |       ||    11
         Ignite Poison     |       |       |       |       |    33 |   130 |    24 |       ||   187
         Summon Forest     |       |       |       |       |     2 |    51 |    34 |    15 ||   102
         Summon Mana Viper |       |       |       |       |       |    70 |    97 |    65 ||   232
         Eringya's Noxious |       |       |       |       |       |    37 |    27 |    22 ||    86
         Iskenderun's Myst |       |       |       |       |       |    12 |     7 |     5 ||    24
         Freezing Cloud    |       |       |       |       |       |       |    25 |    31 ||    56
         Summon Lightning  |       |       |       |       |       |       |     1 |     3 ||     4
         Apportation       |       |       |       |       |       |       |     1 |       ||     1
         Dispersal         |       |       |       |       |       |       |       |     3 ||     3
 Invoke: Heal Other        |       |       |       |     4 |     9 |    23 |    14 |    37 ||    87
         Heal Self         |       |       |       |       |       |     5 |    14 |    10 ||    29
         Divine Vigour     |       |       |       |       |       |       |     2 |     1 ||     3
Ability: Nullifying Breath |       |       |     4 |       |     4 |     5 |     9 |     8 ||    30
  Evoke: Wand              |       |       |     3 |    15 |    17 |    37 |     6 |    17 ||    95
         Sack of spiders   |       |       |       |       |       |     3 |     3 |     2 ||     8
         Lightning rod     |       |       |       |       |       |     4 |    17 |    10 ||    31
         Phantom mirror    |       |       |       |       |       |       |     2 |     5 ||     7
    Use: Scroll            |       |     1 |    14 |     4 |    10 |     7 |     8 |    14 ||    58
         Potion            |       |     1 |     5 |     4 |     2 |     3 |    14 |    31 ||    60
   Stab: Sleeping          |     2 |       |       |       |       |     1 |     6 |     7 ||    16
         Confused          |       |       |       |       |     7 |       |     1 |       ||     8
         Distracted        |       |       |       |       |       |     7 |    20 |    21 ||    48
         Held in net/web   |       |       |       |       |       |       |     1 |       ||     1
 Armour: Skin              |    51 |   186 |   177 |   206 |   584 |   657 |   832 |   650 ||  3343
  Dodge: Dodged            |    43 |   130 |   243 |   317 |   974 |   655 |  1233 |  1019 ||  4614
  Block: Buckler           |       |       |       |       |   135 |   694 |   522 |   415 ||  1766
         Reflection        |       |       |       |       |     7 |    91 |    35 |     3 ||   136

Illustrated notes

Table legend:
 A = Kills in this place as a percentage of kills in the entire game.
 B = Kills by you in this place as a percentage of kills by you in the entire game.
 C = Kills by friends in this place as a percentage of kills by friends in the entire game.
 D = Other kills in this place as a percentage of other kills in the entire game.
 E = Experience gained in this place as a percentage of experience gained in the entire game.
 F = Experience gained in this place divided by the number of levels of this place that you have seen.
                   A       B       C       D       E      F
               +-------+-------+-------+-------+-------+----------------------
         Total | 100.0 | 100.0 | 100.0 | 100.0 | 100.0 | 19154.7
       Dungeon |  23.1 |  26.9 |   0.4 |  10.0 |   8.2 | 5347.1
          Lair |   8.5 |   9.7 |   0.0 |  20.0 |   4.6 | 8900.2
        Shoals |   8.7 |   9.1 |   6.8 |   0.0 |   8.6 | 21066.8
     Snake Pit |   9.5 |   5.9 |  31.6 |  15.0 |   9.2 | 22380.8
  Orcish Mines |   5.7 |   6.7 |   0.0 |   0.0 |   1.2 | 5869.5
   Elven Halls |   7.8 |   6.6 |  14.8 |  15.0 |  10.4 | 33818.7
        Vaults |  13.2 |  11.2 |  26.8 |   0.0 |  16.0 | 39123.0
        Depths |  12.6 |  12.7 |  11.6 |  15.0 |  21.3 | 51914.2
           Zot |   5.6 |   5.8 |   3.6 |  15.0 |  16.4 | 32086.0
         Abyss |   3.1 |   2.9 |   4.4 |   5.0 |   3.5 | 11551.0
       Ossuary |   1.5 |   1.8 |   0.0 |   0.0 |   0.1 | 965.0
      Gauntlet |   0.6 |   0.6 |   0.0 |   5.0 |   0.5 | 5000.0
               +-------+-------+-------+-------+-------+----------------------

Table legend: (Time is in decaauts)
 A = Elapsed time spent in this place.
 B = Non-inter-level travel time spent in this place.
 C = Inter-level travel time spent in this place.
 D = Time resting spent in this place.
 E = Time spent auto-exploring this place.
 F = Levels seen in this place.
 G = Mean time per level.
                   A        B        C        D        E       F      G
               +--------+--------+--------+--------+--------+-----+--------+
         Total |  77271 |  71653 |   5618 |  20811 |  36200 |  51 | 1515.1 |
       Dungeon |  19394 |  17059 |   2335 |   4080 |  10181 |  15 | 1292.9 |
          Lair |   8121 |   7474 |    647 |   2518 |   3874 |   5 | 1624.2 |
        Shoals |   8670 |   8437 |    233 |   3212 |   4072 |   4 | 2167.5 |
     Snake Pit |   8739 |   8543 |    196 |   3442 |   3455 |   4 | 2184.8 |
  Orcish Mines |   2462 |   2289 |    173 |    363 |   1550 |   2 | 1231.0 |
   Elven Halls |   5828 |   5357 |    471 |    992 |   3365 |   3 | 1942.7 |
        Vaults |   8278 |   7558 |    720 |   1429 |   4356 |   4 | 2069.5 |
        Depths |   9079 |   8460 |    619 |   2476 |   4166 |   4 | 2269.8 |
           Zot |   3513 |   3292 |    221 |   1039 |    578 |   5 |  702.6 |
         Abyss |    712 |    712 |      0 |    135 |      0 |   3 |  237.3 |
       Ossuary |   1416 |   1416 |      0 |    691 |    241 |   1 | 1416.0 |
      Gauntlet |   1054 |   1054 |      0 |    433 |    362 |   1 | 1054.0 |
               +--------+--------+--------+--------+--------+-----+--------+

Top non-repeatable levels by time:
Vaults:3: 3447 daAuts
Depths:2: 3443 daAuts
Shoals:3: 2932 daAuts
    D:10: 2871 daAuts
 Snake:4: 2579 daAuts
   Elf:3: 2491 daAuts
Shoals:1: 2473 daAuts
Vaults:1: 2433 daAuts
 Snake:1: 2373 daAuts
  Lair:2: 2031 daAuts
Depths:1: 2024 daAuts
    D:15: 2014 daAuts
   Elf:1: 1950 daAuts
Vaults:2: 1929 daAuts
 Snake:3: 1898 daAuts
